Workbook

Sheet ANEXO V- Planilha Orçamentária
C1: PLANILHA ORÇAMENTÁRIA | U1: METRÔ - DF
F3: DATA BASE P. UNIT.: JANEIRO / 2017 | O3: MDF-Man-0001
C5: SERVIÇOS DE MANUTENÇÃO DO SISTEMA DE AR CONDICIONADO - METRÔ/DF
A6: SERVIÇOS/LOCAL: PRESTAÇÃO DE SERVIÇOS COMUNS DE ENGENHARIA, TIPO CONTINUADOS DE MANUTENÇÃO PREVENTIVA, CORRETIVA E SERVIÇOS ROTINEIROS DO SISTEMA DE AR CONDICIONADO NAS EDIFICAÇÕES DO METRÔ-DF.
A7: ITEM | B7: CÓDIGO | C7: REFERÊNCIA | D7: DESCRIÇÃO | E7: UN | F7: QUANT. | G7: PREÇO UNIT. | H7: VALOR TOTAL COM BDI | N7: REFERÊNCIA | S7: PREÇO UNIT. | U7: CÓDIGO
A9: 01 | B9: PRELIMINARES (MANUTENÇÃO PREVENTIVA / CORRETIVA): | U9: PRELIMINARES (MANUTENÇÃO PREVENTIVA / CORRETVIA):
A10: 01.1 | B10: Registro de Contrato e Anotação Responsabilidade Técnica - CREA/DF: | U10: Registro de Contrato e Anotação Responsabilidade Técnica - CREA/DF:
A11: 01.1.1 | B11: =U11&"/17" -> MDF-Man-0001/17 | C11: Tabela CREA-DF | D11: Taxa Registro Contrato Execução Serviços Manutenção Edificações CREA / DF - Valor > R$ 15.000,00 | E11: un | F11: 1 | G11: =CPU_P.UNITARIO!F2 -> 270.32949 | H11: =G11*F11 -> 270.32949 | N11: Tabela CREA-DF | Q11: =U11&"/17" -> MDF-Man-0001/17 | S11: =CPU_P.UNITARIO!R2 -> 0 | U11: MDF-Man-0001
A12: 01.1.2 | B12: =U12&"/17" -> MDF-Man-0002/17 | C12: Tabela CREA-DF | D12: Taxa Anotação de Responsabilidade Técnica do Engenheiro - ART CREA / DF | E12: un | F12: 1 | G12: =CPU_P.UNITARIO!F20 -> 102.59735 | H12: =G12*F12 -> 102.59735 | N12: Tabela CREA-DF | Q12: =U12&"/17" -> MDF-Man-0002/17 | S12: =CPU_P.UNITARIO!R20 -> 0 | U12: MDF-Man-0002
D13: Total do Item 01 (Para 12 Meses) | H13: =SUM(H11:H12) -> 372.92684 | Q13: =U13&"/17" -> /17
A14: 02 | B14: IMPLANTAÇÃO / ADMINISTRAÇÃO (MANUTENÇÃO PREVENTIVA / CORRETIVA): | Q14: =U14&"/17" -> IMPLANTAÇÃO / ADMINISTRAÇÃO (MANUTENÇÃO PREVENTIVA / CORRETIVA):/17 | U14: IMPLANTAÇÃO / ADMINISTRAÇÃO (MANUTENÇÃO PREVENTIVA / CORRETIVA):
A15: 02.1 | B15: TAXAS DE CONSUMOS MENSAIS ESTIMADAS: | Q15: =U15&"/17" -> MDF-Man-0003/17 | U15: MDF-Man-0003
A16: 02.1.1 | B16: =U16&"/17" -> MDF-Man-0003/17 | C16: 00014250 - SINAPI Adaptado | D16: Rateio Estimado Energia Elétrica Escritório Central + Frentes de Serviços (2.000 kWh / Mês)(A ser Reembolsado pela CONTRATADA) | E16: mês | F16: 12 | G16: =CPU_P.UNITARIO!F37 -> -1080 | H16: =G16*F16 -> -12960 | N16: 00014250 - SINAPI | Q16: =U16&"/17" -> MDF-Man-0003/17 | S16: =CPU_P.UNITARIO!R37 -> 0 | U16: MDF-Man-0003
A17: 02.1.2 | B17: =U17&"/17" -> MDF-Man-0004/17 | C17: 00014583 - SINAPI Adaptado | D17: Rateio Estimado Água Potável / Esgoto Escritório Central + Frentes de Srviços (19,50m³ + Taxa Esgoto) / Mês (A ser Reembolsado pela CONTRATADA) | E17: mês | F17: 12 | G17: =CPU_P.UNITARIO!F54 -> -408.4 | H17: =G17*F17 -> -4900.8 | N17: 00014583 - SINAPI | Q17: =U17&"/17" -> MDF-Man-0004/17 | S17: =CPU_P.UNITARIO!R54 -> 0 | U17: MDF-Man-0004
A18: 02.1.3 | B18: =U18&"/17" -> MDF-Man-0005/17 | C18: Histórico Contratos MDF | D18: Telefone Celular / Internet Estimado (03 Unidades)(P. Unitário p / 03 Unidades) | E18: mês | F18: 12 | G18: =CPU_P.UNITARIO!F72 -> 943.8 | H18: =G18*F18 -> 11325.6 | N18: Históricos Obras Similares | Q18: =U18&"/17" -> MDF-Man-0005/17 | S18: =CPU_P.UNITARIO!R72 -> 0 | U18: MDF-Man-0005
A19: 02.2 | B19: TRANSPORTE DE PESSOAL E MATERIAIS TRECHO ESCRITÓRIO CENTRAL (COMPLEXO ADMINISTRATIVO E OPERACIONAL - CAO , EM ÁGUAS CLARAS-DF) ATÉ AS FRENTES DE SERVIÇOS: | J19: =H22+H13 -> 67945.809 | N19: 00001160 - SINAPI | Q19: =U19&"/17" -> /17
A20: 02.2.1 | B20: =U20&"/17" -> MDF-Man-0006/17 | C20: 00001160 - SINAPI Adaptado | D20: Veículo Comercial Leve (Pick-Up) c/ Capacidade de Carga 700 kg - Motor 1.0 Flex, Pot. 72/76 CV (Incluindo Manutenção Mecânica / Operação, Exceto Combustível)(01 Unidade)(P. Unitário p / 01 Veículo) | E20: mês | F20: 12 | G20: =CPU_P.UNITARIO!F89 -> 4360.356 | H20: =G20*F20 -> 52324.272 | Q20: =U20&"/17" -> MDF-Man-0006/17 | S20: =CPU_P.UNITARIO!R89 -> 0 | U20: MDF-Man-0006
A21: 02.2.2 | B21: =U21&"/17" -> MDF-Man-0007/17 | C21: 00004222 - SINAPI Adaptado | D21: Combustível / Gasolina Comum ou Equivalente (45,00 Litros / Semana / Veiculo ou 196,00 Litros / Mês / Veiculo)(P. Unitário Combustível Mensal p / 02 veículos) | E21: mês | F21: 12 | G21: =CPU_P.UNITARIO!F105 -> 1815.3175 | H21: =G21*F21 -> 21783.81 | Q21: =U21&"/17" -> MDF-Man-0007/17 | S21: =CPU_P.UNITARIO!R105 -> 0 | U21: MDF-Man-0007
D22: Total do Item 02 (Para 12 Meses) | H22: =SUM(H16:H21) -> 67572.882 | J22: =J19+J23 -> 758246.98 | Q22: =U22&"/17" -> /17
A23: 03 | B23: EQUIPE MÍNIMA RESIDENTE P/ MANUTENÇÃO PREVENTIVA E CORRETIVA | J23: =H31+H37 -> 690301.17 | N23: 00002436 | Q23: =U23&"/17" -> /17
A24: 03.1 | B24: MENSALISTA: 05,00 HORAS SEMANAIS / 20 HORAS MENSAIS
A25: 03.1.1 | B25: =U25&"/17" -> MDF-Man-0008/17 | C25: 00034780 - SINAPI | D25: Engenheiro Mecânico (05 HORAS Semanais / 20 Horas Mensais) | E25: mês | F25: 12 | G25: =CPU_P.UNITARIO!F121 -> 2584.7142 | H25: =G25*F25 -> 31016.57 | N25: 34780 | Q25: =U25&"/17" -> MDF-Man-0008/17 | S25: =CPU_P.UNITARIO!R121 -> 0 | U25: MDF-Man-0008 | X25: =H22+H13 -> 67945.809
A26: 03.2 | B26: MENSALISTA 44 HORAS SEMANAIS - HORÁRIO DE 08:00 ÀS 18:00
A27: 03.2.1 | B27: =U27&"/17" -> MDF-Man-0009/17 | C27: SINTEC-DF ACT 2016 / 2018 | D27: Auxiliar Administrativo (Mensalista - 44 Horas Semanais) | E27: mês | F27: 12 | G27: =CPU_P.UNITARIO!F131 -> 2597.0566 | H27: =G27*F27 -> 31164.68 | N27: 2350 | Q27: =U27&"/17" -> MDF-Man-0009/17 | S27: =CPU_P.UNITARIO!R131 -> 0 | U27: MDF-Man-0009 | X27: =H31+H37 -> 690301.17
A28: 03.2.2 | B28: =U28&"/17" -> MDF-Man-0010/17 | C28: 00002436 - SINAPI | D28: Eletricista p/ Manutenção (Mensalista - 44 Horas Semanais) | E28: mês | F28: 12 | G28: =CPU_P.UNITARIO!F141 -> 3940.5656 | H28: =G28*F28 -> 47286.788 | N28: 00004750 | Q28: =U28&"/17" -> MDF-Man-0010/17 | S28: =CPU_P.UNITARIO!R141 -> 0 | U28: MDF-Man-0010 | X28: =H75 -> 20112.581 | Y28: =SUM(X25:X28) -> 778359.56
A29: 03.2.3 | B29: =U29&"/17" -> MDF-Man-0011/17 | C29: 00002436 - SINAPI | D29: Mecânico de Refrigeração p/ Manutenção (Mensalista - 44 Horas Semanais) | E29: mês | F29: 12 | G29: =CPU_P.UNITARIO!F152 -> 3844.0337 | H29: =G29*F29 -> 46128.405 | S29: =CPU_P.UNITARIO!R152 -> 0 | U29: MDF-Man-0011 | X29: =H90 -> 68186.03
A30: 03.2.4 | B30: =U30&"/17" -> MDF-Man-0012/17 | C30: SINTEC-DF ACT 2016 / 2018 | D30: Auxiliar Técnico (Mensalista - 44 Hora Semanais) | E30: mês | F30: 12 | G30: =CPU_P.UNITARIO!F163 -> 3193.1056 | H30: =G30*F30 -> 38317.268 | S30: =CPU_P.UNITARIO!R163 -> 0 | U30: MDF-Man-0012 | X30: =H153 -> 42495.334 | Y30: =SUM(X29:X30) -> 110681.36
D31: Total do Item 03 (Para 12 Meses) | H31: =SUM(H25:H30) -> 193913.71 | J31: PINI 2016 + BDI | K31: PINI 2016 S/FORMULA | L31: PINI 2016 C/FORMULA | Q31: =U31&"/17" -> /17 | X31: =SUM(X25:X30) -> 889040.93 | Y31: =X31/12 -> 74086.744
A32: 04 | B32: EQUIPE MÍNIMA RESIDENTE P/ MANUTENÇÃO PREVENTIVA E CORRETIVA (MENSALISTA EM ESCALA 12 (DOZE) x 36 (TRINTA E SEIS) HORAS: | N32: 00002436 | Q32: =U32&"/17" -> /17
A33: 04.1 | B33: =U33&"/17" -> MDF-Man-0013/17 | C33: SINTEC-DF ACT 2016 / 2018 | D33: Técnico em Refrigeração p/ Manutenção (12 x 36 Horas - 1º Turno Diurno) | E33: mês | F33: 24 | G33: =CPU_P.UNITARIO!F174 -> 5851.7067 | H33: =F33*G33 -> 140440.96 | Q33: =U33&"/17" -> MDF-Man-0013/17 | U33: MDF-Man-0013 | X33: =X31/12 -> 74086.744
A34: 04.2 | B34: =U34&"/17" -> MDF-Man-0014/17 | C34: SINTEC-DF ACT 2016 / 2018 | D34: Auxiliar Tècnico (12 x 36 -Horas - 1º Turno Diurno) | E34: mês | F34: 24 | G34: =CPU_P.UNITARIO!F184 -> 3365.6048 | H34: =F34*G34 -> 80774.515 | I34: =H34/2 -> 40387.258 | J34: =H36/2 -> 49598.507 | O34: =H33+H35 -> 316415.93 | Q34: =U34&"/17" -> MDF-Man-0014/17 | U34: MDF-Man-0014
A35: 04.3 | B35: =U35&"/17" -> MDF-Man-0015/17 | C35: SINTEC-DF ACT 2016 / 2018 | D35: Técnico em Refrigeração p/ Manutenção (12 x 36 Horas - 2º Turno Noturno) | E35: mês | F35: 24 | G35: =CPU_P.UNITARIO!F195 -> 7332.2906 | H35: =F35*G35 -> 175974.97 | I35: 3 OU 2? | J35: =H35/12 -> 14664.581 | N35: 00000248 | Q35: =U35&"/17" -> MDF-Man-0015/17 | S35: =CPU_P.UNITARIO!#REF! -> #REF! | U35: MDF-Man-0015
A36: 04.4 | B36: =U36&"/17" -> MDF-Man-0016/17 | C36: SINTEC-DF ACT 2016 / 2018 | D36: Auxiliar Técnico (12 x 36 Horas - 2º Turno Noturno) | E36: mês | F36: 24 | G36: =CPU_P.UNITARIO!F205 -> 4133.2089 | H36: =F36*G36 -> 99197.014 | Q36: =U36&"/17" -> MDF-Man-0016/17 | S36: =CPU_P.UNITARIO!R163 -> 0 | U36: MDF-Man-0016
D37: Total do Item 04 (Para 12 Meses) | H37: =SUM(H33:H36) -> 496387.46 | J37: PINI 2016 + BDI | K37: PINI 2016 S/FORMULA | L37: PINI 2016 C/FORMULA
A38: 05 | B38: INSUMOS E MATERIAIS CONSUMÍVEIS (MANUTENÇÃO PREVENTIVA E CORRETIVA) | I38: =ROUND(G43,2) -> 102.62 | J38: =(K38*$H$156)+K38 -> 0 | L38: =VLOOKUP(D43,#REF!,2,FALSE) -> #REF! | N38: 32.003.000001.SER | O38: =N38&" -PINI" -> 32.003.000001.SER -PINI | Q38: =U38&"/17" -> /17
A39: 05.1 | B39: =U39&"/17" -> MDF-Man-0017/17 | C39: 00009868 - SINAPI | D39: Barra de Tubo PVC Soldável 25mm | E39: m | F39: 30 | G39: =J39 -> 3.260972 | H39: =G39*F39 -> 97.82916 | J39: =(K39*$H$156)+K39 -> 3.260972 | K39: 2.86 | S39: =V39 -> 0 | U39: MDF-Man-0017
A40: 05.2 | B40: =U40&"/17" -> MDF-Man-0018/17 | C40: 00034621 SINAPI | D40: Cabo Flexível PVC 750 V, 3 Condutores de 4,0 mm2 | E40: m | F40: 100 | G40: =J40 -> 7.206064 | H40: =G40*F40 -> 720.6064 | J40: =(K40*$H$156)+K40 -> 7.206064 | K40: 6.32 | Q40: =U40&"/17" -> MDF-Man-0018/17 | S40: =V40 -> 0 | U40: MDF-Man-0018
A41: 05.3 | B41: =U41&"/17" -> MDF-Man-0019/17 | C41: Cotação GTE-MDF | D41: Cabo Elétrico Flexível Preto 3 X 2,5MMCS | E41: m | F41: 100 | G41: =J41 -> 6.635964 | H41: =G41*F41 -> 663.5964 | J41: =(K41*$H$156)+K41 -> 6.635964 | K41: 5.82 | Q41: =U41&"/17" -> MDF-Man-0019/17 | S41: =V41 -> 0 | U41: MDF-Man-0019
A42: 05.4 | B42: =U42&"/17" -> MDF-Man-0020/17 | C42: Cotação GTE-MDF | D42: Estanho em fio para Solda - Carretel com 500g | E42: unid | F42: 3 | G42: =J42 -> 93.074526 | H42: =G42*F42 -> 279.22358 | J42: =(K42*$H$156)+K42 -> 93.074526 | K42: 81.63 | Q42: =U42&"/17" -> MDF-Man-0020/17 | S42: =V42 -> 0 | U42: MDF-Man-0020
A43: 05.5 | B43: =U43&"/17" -> MDF-Man-0021/17 | C43: Cotação GTE-MDF | D43: Acetileno (m³) | E43: m³ | F43: 3 | G43: =J43 -> 102.618 | H43: =G43*F43 -> 307.854 | J43: =(K43*$H$156)+K43 -> 102.618 | K43: 90 | Q43: =U43&"/17" -> MDF-Man-0021/17 | S43: =V43 -> 0 | U43: MDF-Man-0021
A44: 05.6 | B44: =U44&"/17" -> MDF-Man-0022/17 | C44: Cotação GTE-MDF | D44: Limpador Concentrado Biorefri ou similar - GL 5LTS | E44: unid | F44: 10 | G44: =J44 -> 85.515 | H44: =G44*F44 -> 855.15 | J44: =(K44*$H$156)+K44 -> 85.515 | K44: 75 | Q44: =U44&"/17" -> MDF-Man-0022/17 | S44: =V44 -> 0 | U44: MDF-Man-0022
A45: 05.7 | B45: =U45&"/17" -> MDF-Man-0023/17 | C45: Cotação GTE-MDF | D45: Óleo p/ Bomba de Vácuo ISO 46 MONTREAL | E45: L | F45: 10 | G45: =J45 -> 32.586916 | H45: =G45*F45 -> 325.86916 | J45: =(K45*$H$156)+K45 -> 32.586916 | K45: 28.58 | Q45: =U45&"/17" -> MDF-Man-0023/17 | S45: =V45 -> 0 | U45: MDF-Man-0023
A46: 05.8 | B46: =U46&"/17" -> MDF-Man-0024/17 | C46: Cotação GTE-MDF | D46: Porca Forjada 1/4" | E46: unid. | F46: 5 | G46: =J46 -> 2.96452 | H46: =G46*F46 -> 14.8226 | J46: =(K46*$H$156)+K46 -> 2.96452 | K46: 2.6 | Q46: =U46&"/17" -> MDF-Man-0024/17 | S46: =V46 -> 0 | U46: MDF-Man-0024
A47: 05.9 | B47: =U47&"/17" -> MDF-Man-0025/17 | C47: Cotação GTE-MDF | D47: Porca para Flange 1/2" | E47: unid. | F47: 5 | G47: =J47 -> 5.780814 | H47: =G47*F47 -> 28.90407 | I47: =ROUND(G48,2) -> 2.7 | J47: =(K47*$H$156)+K47 -> 5.780814 | K47: 5.07 | Q47: =U47&"/17" -> MDF-Man-0025/17 | S47: =V47 -> 0 | U47: MDF-Man-0025
A48: 05.10 | B48: =U48&"/17" -> MDF-Man-0026/17 | C48: Cotação GTE-MDF | D48: Porca para Flange 1/4" | E48: unid. | F48: 5 | G48: =J48 -> 2.702274 | H48: =G48*F48 -> 13.51137 | J48: =(K48*$H$156)+K48 -> 2.702274 | K48: 2.37 | Q48: =U48&"/17" -> MDF-Man-0026/17 | S48: =V48 -> 0 | U48: MDF-Man-0026
A49: 05.11 | B49: =U49&"/17" -> MDF-Man-0027/17 | C49: Cotação GTE-MDF | D49: Porca para Flange 3/8" | E49: unid. | F49: 5 | G49: =J49 -> 4.059112 | H49: =G49*F49 -> 20.29556 | J49: =(K49*$H$156)+K49 -> 4.059112 | K49: 3.56 | L49: =VLOOKUP(D50,#REF!,2,FALSE) -> #REF! | N49: 32.003.000002.SER | O49: =N49&" -PINI" -> 32.003.000002.SER -PINI | Q49: =U49&"/17" -> MDF-Man-0027/17 | S49: =V49 -> 0 | U49: MDF-Man-0027
A50: 05.12 | B50: =U50&"/17" -> MDF-Man-0028/17 | C50: Cotação GTE-MDF | D50: Porca para Flange 5/8" | E50: unid. | F50: 5 | G50: =J50 -> 6.2711 | H50: =G50*F50 -> 31.3555 | J50: =(K50*$H$156)+K50 -> 6.2711 | K50: 5.5 | Q50: =U50&"/17" -> MDF-Man-0028/17 | S50: =V50 -> 0 | U50: MDF-Man-0028
A51: 05.13 | B51: =U51&"/17" -> MDF-Man-0029/17 | C51: Cotação GTE-MDF | D51: Parafuso e Bucha S-06 | E51: unid | F51: 150 | G51: =J51 -> 0.136824 | H51: =G51*F51 -> 20.5236 | J51: =(K51*$H$156)+K51 -> 0.136824 | K51: 0.12 | Q51: =U51&"/17" -> MDF-Man-0029/17 | S51: =V51 -> 0 | U51: MDF-Man-0029
A52: 05.14 | B52: =U52&"/17" -> MDF-Man-0030/17 | C52: Cotação GTE-MDF | D52: Parafuso e Bucha S-08 | E52: und | F52: 150 | G52: =J52 -> 0.193834 | H52: =G52*F52 -> 29.0751 | J52: =(K52*$H$156)+K52 -> 0.193834 | K52: 0.17 | Q52: =U52&"/17" -> MDF-Man-0030/17 | S52: =V52 -> 0 | U52: MDF-Man-0030
A53: 05.15 | B53: =U53&"/17" -> MDF-Man-0031/17 | C53: Cotação GTE-MDF | D53: Parafuso e Bucha S-10 | E53: und | F53: 150 | G53: =J53 -> 0.45608 | H53: =G53*F53 -> 68.412 | J53: =(K53*$H$156)+K53 -> 0.45608 | K53: 0.4 | Q53: =U53&"/17" -> MDF-Man-0031/17 | S53: =V53 -> 0 | U53: MDF-Man-0031
A54: 05.16 | B54: =U54&"/17" -> MDF-Man-0032/17 | C54: Cotação GTE-MDF | D54: Cilindro Nitrogênio | E54: m³ | F54: 27 | G54: =J54 -> 30.409134 | H54: =G54*F54 -> 821.04662 | J54: =(K54*$H$156)+K54 -> 30.409134 | K54: 26.67 | Q54: =U54&"/17" -> MDF-Man-0032/17 | S54: =V54 -> 0 | U54: MDF-Man-0032
A55: 05.17 | B55: =U55&"/17" -> MDF-Man-0033/17 | C55: Cotação GTE-MDF | D55: Desingripante WD40 ou Similar | E55: unid | F55: 30 | G55: =J55 -> 20.649022 | H55: =G55*F55 -> 619.47066 | J55: =(K55*$H$156)+K55 -> 20.649022 | K55: 18.11 | Q55: =U55&"/17" -> MDF-Man-0033/17 | S55: =V55 -> 0 | U55: MDF-Man-0033
A56: 05.18 | B56: =U56&"/17" -> MDF-Man-0034/17 | C56: Cotação GTE-MDF | D56: Limpador Concentrado Para Alumínio Thilex ou Similar | E56: L | F56: 100 | G56: =J56 -> 19.72546 | H56: =G56*F56 -> 1972.546 | J56: =(K56*$H$156)+K56 -> 19.72546 | K56: 17.3 | Q56: =U56&"/17" -> MDF-Man-0034/17 | S56: =V56 -> 0 | U56: MDF-Man-0034
A57: 05.19 | B57: =U57&"/17" -> MDF-Man-0035/17 | C57: Cotação GTE-MDF | D57: Detergente | E57: L | F57: 20 | G57: =J57 -> 15.039238 | H57: =G57*F57 -> 300.78476 | J57: =(K57*$H$156)+K57 -> 15.039238 | K57: 13.19 | Q57: =U57&"/17" -> MDF-Man-0035/17 | S57: =V57 -> 0 | U57: MDF-Man-0035
A58: 05.20 | B58: =U58&"/17" -> MDF-Man-0036/17 | C58: Cotação GTE-MDF | D58: Fita de Alta Fusão 3M ou Equivalente Técnico | E58: und | F58: 5 | G58: =J58 -> 28.425186 | H58: =G58*F58 -> 142.12593 | J58: =(K58*$H$156)+K58 -> 28.425186 | K58: 24.93 | S58: =V58 -> 0 | U58: MDF-Man-0036
A59: 05.21 | B59: =U59&"/17" -> MDF-Man-0037/17 | C59: Cotação GTE-MDF | D59: Fita de Isolação Silvertape PVC Cinza 48x40m | E59: und | F59: 8 | G59: =J59 -> 40.385884 | H59: =G59*F59 -> 323.08707 | J59: =(K59*$H$156)+K59 -> 40.385884 | K59: 35.42 | Q59: =U59&"/17" -> MDF-Man-0037/17 | S59: =V59 -> 0 | U59: MDF-Man-0037
A60: 05.22 | B60: =U60&"/17" -> MDF-Man-0038/17 | C60: Cotação GTE-MDF | D60: Fita Isolante 3M ou Equivante Técnico | E60: und | F60: 25 | G60: =J60 -> 9.087394 | H60: =G60*F60 -> 227.18485 | J60: =(K60*$H$156)+K60 -> 9.087394 | K60: 7.97 | S60: =V60 -> 0 | U60: MDF-Man-0038
A61: 05.23 | B61: =U61&"/17" -> MDF-Man-0039/17 | C61: Cotação GTE-MDF | D61: Fita Preta Unifix 50mm x 30cm Demarcação | E61: unid | F61: 4 | G61: =J61 -> 24.252054 | H61: =G61*F61 -> 97.008216 | J61: =(K61*$H$156)+K61 -> 24.252054 | K61: 21.27 | Q61: =U61&"/17" -> MDF-Man-0039/17 | S61: =V61 -> 0 | U61: MDF-Man-0039
A62: 05.24 | B62: =U62&"/17" -> MDF-Man-0040/17 | C62: Cotação GTE-MDF | D62: Fita PVC 100mm Branca Rolo c/ 10m | E62: und | F62: 8 | G62: =J62 -> 5.210714 | H62: =G62*F62 -> 41.685712 | J62: =(K62*$H$156)+K62 -> 5.210714 | K62: 4.57 | Q62: =U62&"/17" -> MDF-Man-0040/17 | S62: =V62 -> 0 | U62: MDF-Man-0040
A63: 05.25 | B63: =U63&"/17" -> MDF-Man-0041/17 | C63: Cotação GTE-MDF | D63: Fita PVC Refrigeração Ar Condicionado 100xmm x 10m | E63: und | F63: 6 | G63: =J63 -> 4.766036 | H63: =G63*F63 -> 28.596216 | J63: =(K63*$H$156)+K63 -> 4.766036 | K63: 4.18 | S63: =V63 -> 0 | U63: MDF-Man-0041
A64: 05.26 | B64: =U64&"/17" -> MDF-Man-0042/17 | C64: Cotação GTE-MDF | D64: Fita Transparente p/ Embal. 45MMx45M | E64: und | F64: 4 | G64: =J64 -> 4.84585 | H64: =G64*F64 -> 19.3834 | J64: =(K64*$H$156)+K64 -> 4.84585 | K64: 4.25 | Q64: =U64&"/17" -> MDF-Man-0042/17 | S64: =V64 -> 0 | U64: MDF-Man-0042
A65: 05.27 | B65: =U65&"/17" -> MDF-Man-0043/17 | C65: Cotação GTE-MDF | D65: Gás R-141B Descartável 13,6 kg | E65: cil | F65: 6 | G65: =J65 -> 645.55844 | H65: =G65*F65 -> 3873.3506 | J65: =(K65*$H$156)+K65 -> 645.55844 | K65: 566.18 | Q65: =U65&"/17" -> MDF-Man-0043/17 | S65: =V65 -> 0 | U65: MDF-Man-0043
A66: 05.28 | B66: =U66&"/17" -> MDF-Man-0044/17 | C66: Concor. Nº. 01/2016-TCDF | D66: Gás R22 Importado 13,6 kg EOS/Refrigera | E66: cil | F66: 10 | G66: =J66 -> 515.86069 | H66: =G66*F66 -> 5158.6069 | J66: =(K66*$H$156)+K66 -> 515.86069 | K66: 452.43 | Q66: =U66&"/17" -> MDF-Man-0044/17 | S66: =V66 -> 0 | U66: MDF-Man-0044
A67: 05.29 | B67: =U67&"/17" -> MDF-Man-0045/17 | C67: Cotação GTE-MDF | D67: Gás YH222A | E67: kg | F67: 6 | G67: =J67 -> 41.936556 | H67: =G67*F67 -> 251.61934 | J67: =(K67*$H$156)+K67 -> 41.936556 | K67: 36.78 | Q67: =U67&"/17" -> MDF-Man-0045/17 | S67: =V67 -> 0 | U67: MDF-Man-0045
A68: 05.30 | B68: =U68&"/17" -> MDF-Man-0046/17 | C68: Cotação GTE-MDF | D68: Graxa lubrificante | E68: kg | F68: 10 | G68: =J68 -> 59.324606 | H68: =G68*F68 -> 593.24606 | J68: =(K68*$H$156)+K68 -> 59.324606 | K68: 52.03 | Q68: =U68&"/17" -> MDF-Man-0046/17 | S68: =V68 -> 0 | U68: MDF-Man-0046
A69: 05.31 | B69: =U69&"/17" -> MDF-Man-0047/17 | C69: Cotação GTE-MDF | D69: Óleo para Bomba de Vácuo | E69: L | F69: 10 | G69: =J69 -> 30.523154 | H69: =G69*F69 -> 305.23154 | J69: =(K69*$H$156)+K69 -> 30.523154 | K69: 26.77 | Q69: =U69&"/17" -> MDF-Man-0047/17 | S69: =V69 -> 0 | U69: MDF-Man-0047
A70: 05.32 | B70: =U70&"/17" -> MDF-Man-0048/17 | C70: Cotação GTE-MDF | D70: Oxigênio (m³) | E70: m³ | F70: 3 | G70: =J70 -> 233.741 | H70: =G70*F70 -> 701.223 | J70: =(K70*$H$156)+K70 -> 233.741 | K70: 205 | S70: =V70 -> 0 | U70: MDF-Man-0048
A71: 05.33 | B71: =U71&"/17" -> MDF-Man-0049/17 | C71: Cotação GTE-MDF | D71: Pasta para Solda Tido Estanho | E71: kg | F71: 3 | G71: =J71 -> 108.11376 | H71: =G71*F71 -> 324.34129 | J71: =(K71*$H$156)+K71 -> 108.11376 | K71: 94.82 | S71: =V71 -> 0 | U71: MDF-Man-0049
A72: 05.34 | B72: =U72&"/17" -> MDF-Man-0050/17 | C72: 00000013 - SINAPI | D72: Trapos | E72: kg | F72: 4 | G72: =J72 -> 13.864832 | H72: =G72*F72 -> 55.459328 | J72: =(K72*$H$156)+K72 -> 13.864832 | K72: 12.16 | S72: =V72 -> 0 | U72: MDF-Man-0050
A73: 05.35 | B73: =U73&"/17" -> MDF-Man-0051/17 | C73: Cotação GTE-MDF | D73: Solda Foscoper c/Banho 2,5 X 500mm BT-470 | E73: kg | F73: 7 | G73: =J73 -> 106.0386 | H73: =G73*F73 -> 742.2702 | J73: =(K73*$H$156)+K73 -> 106.0386 | K73: 93 | Q73: =U73&"/17" -> MDF-Man-0051/17 | S73: =V73 -> 0 | U73: MDF-Man-0051
A74: 05.36 | B74: =U74&"/1" -> MDF-Man-0052/1 | C74: Cotação GTE-MDF | D74: Tampão 1/4" NPT Macho | E74: unid | F74: 10 | G74: =J74 -> 3.728454 | H74: =G74*F74 -> 37.28454 | J74: =(K74*$H$156)+K74 -> 3.728454 | K74: 3.27 | Q74: =U74&"/17" -> MDF-Man-0052/17 | S74: =V74 -> 0 | U74: MDF-Man-0052
D75: Total do Item 05 (Para 12 Meses) | H75: =SUM(H39:H74) -> 20112.581 | J75: PINI 2016 + BDI | L75: PINI 2016 C/FORMULA | Q75: =U75&"/17" -> /17
A77: 6 | B77: SERVICOS EVENTUAIS, SOB DEMANDA (MANUTENÇÃO CORRETIVA / PREVENTIVA)
A78: 06.1 | B78: =U78&"/17" -> MDF-Man-0053/17 | C78: Concor. Nº. 01/2016-TCDF | D78: Limpeza e Higienização de Dutos SOB DEMANDA | E78: m | F78: 1611.65 | G78: =J78 -> 14.874288 | H78: =G78*F78 -> 23972.146 | J78: =(K78*$H$157)+K78 -> 14.874288 | K78: 11.82 | S78: =V78 -> 0 | U78: MDF-Man-0053
A79: 06.2 | B79: =U79&"/17" -> MDF-Man-0054/17 | C79: Cotação GTE-MDF | D79: Revisão de Motor Elétrico Trifásico, 1,5 CV, com Montagem e Desmontagem, Enrolamento, Remoção e Execução de novo Enrolamento (se necessário), de eixo, Recuperação de Carcaça (se necessário), Substituição de Componentes elétricos diversos, amortecedores anti-vibração, acessórios mecânicos, enfim tudo o que for necessário para deixar os referidos equipamentos em perfeitas condições de uso e funcionamento. | E79: unid. | F79: 2 | G79: =CPU_P.UNITARIO!F216 -> 676.39 | H79: =G79*F79 -> 1352.78 | J79: =(K79*$H$157)+K79 -> 676.39 | K79: =(600+475)/2 -> 537.5 | S79: =V79 -> 0 | U79: MDF-Man-0054
A80: 06.3 | B80: =U80&"/17" -> MDF-Man-0055/17 | C80: Cotação GTE-MDF | D80: Revisão de Motor Elétrico trifasico, 2 CV, com Montagem e Desmontagem, Enrolamento, Remoção e execução de novo enrolamento (se necessário), de eixo, Recuperação de carcaça (se necessário), Substituição de Componentes Elétricos diversos, amortecedores anti-vibração, Acessórios Mecânicos, enfim tudo o que for necessário para deixar os referidos Equipamentos em Perfeitas condições de uso e Funcionamento. | E80: unid. | F80: 3 | G80: =CPU_P.UNITARIO!F223 -> 742.456 | H80: =G80*F80 -> 2227.368 | J80: =(K80*$H$157)+K80 -> 742.456 | K80: =(650+530)/2 -> 590 | S80: =V80 -> 0 | U80: MDF-Man-0055
A81: 06.4 | B81: =U81&"/17" -> MDF-Man-0056/17 | C81: Cotação GTE-MDF | D81: Revisão de motor elétrico trifasico, 3 CV, com montagem e desmontagem, enrolamento, remoção e execução de novo enrolamento (se necessário), de eixo, recuperação de carcaça (se necessário), substituição de componentes elétricos diversos, amortecedores anti-vibração, acessórios mecânicos, enfim tudo o que for necessário para deixar os referidos equipamentos em perfeitas condições de uso e funcionamento. | E81: unid. | F81: 8 | G81: =CPU_P.UNITARIO!F230 -> 924.924 | H81: =G81*F81 -> 7399.392 | J81: =(K81*$H$157)+K81 -> 924.924 | K81: =(800+670)/2 -> 735 | S81: =V81 -> 0 | U81: MDF-Man-0056
A82: 06.5 | B82: =U82&"/17" -> MDF-Man-0057/17 | C82: Cotação GTE-MDF | D82: Revisão de motor elétrico trifasico, 4 CV, com montagem e desmontagem, enrolamento, remoção e execução de novo enrolamento (se necessário), de eixo, recuperação de carcaça (se necessário), substituição de componentes elétricos diversos, amortecedores anti-vibração, acessórios mecânicos, enfim tudo o que for necessário para deixar os referidos equipamentos em perfeitas condições de uso e funcionamento. | E82: unid. | F82: 2 | G82: =CPU_P.UNITARIO!F237 -> 1013.012 | H82: =G82*F82 -> 2026.024 | J82: =(K82*$H$157)+K82 -> 1013.012 | K82: =(800+810)/2 -> 805 | S82: =V82 -> 0 | U82: MDF-Man-0057
A83: 06.6 | B83: =U83&"/17" -> MDF-Man-0058/17 | C83: Cotação GTE-MDF | D83: Revisão de motor elétrico trifasico, 5 CV, com montagem e desmontagem, enrolamento, remoção e execução de novo enrolamento (se necessário), de eixo, recuperação de carcaça (se necessário), substituição de componentes elétricos diversos, amortecedores anti-vibração, acessórios mecânicos, enfim tudo o que for necessário para deixar os referidos equipamentos em perfeitas condições de uso e funcionamento. | E83: unid. | F83: 5 | G83: =CPU_P.UNITARIO!F244 -> 1189.188 | H83: =G83*F83 -> 5945.94 | J83: =(K83*$H$157)+K83 -> 1025.596 | K83: =(900+730)/2 -> 815 | S83: =V83 -> 0 | U83: MDF-Man-0058
A84: 06.7 | B84: =U84&"/17" -> MDF-Man-0059/17 | C84: Cotação GTE-MDF | D84: Revisão de motor elétrico trifasico, 6 CV, com montagem e desmontagem, enrolamento, remoção e execução de novo enrolamento (se necessário), de eixo, recuperação de carcaça (se necessário), substituição de componentes elétricos diversos, amortecedores anti-vibração, acessórios mecânicos, enfim tudo o que for necessário para deixar os referidos equipamentos em perfeitas condições de uso e funcionamento. | E84: unid. | F84: 2 | G84: =CPU_P.UNITARIO!F251 -> 1025.596 | H84: =G84*F84 -> 2051.192 | J84: =(K84*$H$157)+K84 -> 1025.596 | K84: =(900+730)/2 -> 815 | S84: =V84 -> 0 | U84: MDF-Man-0059
A85: 06.8 | B85: =U85&"/17" -> MDF-Man-0060/17 | C85: Cotação GTE-MDF | D85: Revisão de motor elétrico trifasico, 12,5 CV, com montagem e desmontagem, enrolamento, remoção e execução de novo enrolamento (se necessário), de eixo, recuperação de carcaça (se necessário), substituição de componentes elétricos diversos, amortecedores anti-vibração, acessórios mecânicos, enfim tudo o que for necessário para deixar os referidos equipamentos em perfeitas condições de uso e funcionamento. | E85: unid. | F85: 2 | G85: =CPU_P.UNITARIO!F258 -> 1566.708 | H85: =G85*F85 -> 3133.416 | J85: =(K85*$H$157)+K85 -> 1566.708 | K85: =(1300+1190)/2 -> 1245 | S85: =V85 -> 0 | U85: MDF-Man-0060
A86: 06.9 | B86: =U86&"/17" -> MDF-Man-0061/17 | C86: Cotação GTE-MDF | D86: Revisão de conjunto motobomba de água gelada, com motor elétrico, trifasica, marcas KSB e GLASS, 5,0 CV, incluindo carga, descarga e transporte, limpeza geral, revisão mecânica, remoção e execução de novo enrolamento (se necessário), substituição de componentes elétricos diversos, amortecedores anti-vibração, acessórios mecânicos, enfim tudo o que for necessário para deixar os referidos equipamentos em perfeitas condições de uso e funcionamento. | E86: unid. | F86: 3 | G86: =CPU_P.UNITARIO!F265 -> 1214.356 | H86: =G86*F86 -> 3643.068 | J86: =(K86*$H$157)+K86 -> 1189.188 | K86: =(900+990)/2 -> 945 | S86: =V86 -> 0 | U86: MDF-Man-0061
A87: 06.10 | B87: =U87&"/17" -> MDF-Man-0062/17 | C87: Cotação GTE-MDF | D87: Revisão de conjunto motobomba de água gelada, com motor elétrico, trifasica, marcas KSB e GLASS, 6,0 CV, incluindo carga, descarga e transporte, limpeza geral, revisão mecânica, remoção e execução de novo enrolamento (se necessário), substituição de componentes elétricos diversos, amortecedores anti-vibração, acessórios mecânicos, enfim tudo o que for necessário para deixar os referidos equipamentos em perfeitas condições de uso e funcionamento. | E87: unid. | F87: 2 | G87: =CPU_P.UNITARIO!F272 -> 1277.276 | H87: =G87*F87 -> 2554.552 | J87: =(K87*$H$157)+K87 -> 1025.596 | K87: =(900+730)/2 -> 815 | S87: =V87 -> 0 | U87: MDF-Man-0062
A88: 06.11 | B88: =U88&"/17" -> MDF-Man-0063/17 | C88: Cotação GTE-MDF | D88: Revisão de conjunto motobomba de água gelada, com motor elétrico, trifasica, marcas KSB e GLASS, 12,5 CV, incluindo carga, descarga e transporte, limpeza geral, revisão mecânica, remoção e execução de novo enrolamento (se necessário), substituição de componentes elétricos diversos, amortecedores anti-vibração, acessórios mecânicos, enfim tudo o que for necessário para deixar os referidos equipamentos em perfeitas condições de uso e funcionamento. | E88: unid. | F88: 4 | G88: =CPU_P.UNITARIO!F279 -> 2007.148 | H88: =G88*F88 -> 8028.592 | J88: =(K88*$H$157)+K88 -> 1566.708 | K88: =(1300+1190)/2 -> 1245 | S88: =V88 -> 0 | U88: MDF-Man-0063
A89: 06.12 | B89: =U89&"/17" -> MDF-Man-0064/17 | C89: Cotação GTE-MDF | D89: Revisão de Motor Elétrico Trifasico, 0,33 HP até 1,4 HP, com Montagem e Desmontagem, Enrolamento, Remoção e Execução de novo Enrolamento (se necessário), de eixo, recuperação de carcaça (se necessário), substituição de Componentes elétricos diversos, amortecedores anti-vibração, Acessórios Mecânicos, enfim tudo o que for Necessário para deixar os Referidos Equipamentos em Perfeitas Condições de uso e Funcionamento. | E89: unid. | F89: 10 | G89: =CPU_P.UNITARIO!F286 -> 585.156 | H89: =G89*F89 -> 5851.56 | J89: =(K89*$H$157)+K89 -> 585.156 | K89: =(330+600)/2 -> 465 | S89: 0 | U89: MDF-Man-0064
D90: Total do Item 06 (Para 12 Meses) | H90: =SUM(H78:H89) -> 68186.03 | J90: PINI 2016 + BDI | K90: PINI 2016 S/FORMULA | L90: PINI 2016 C/FORMULA | Q90: =U90&"/17" -> /17
A91: 07 | B91: FORNECIMENTO DE PEÇAS E EQUIPAMENTOS, SOB DEMANDA (MANUTENÇÃO PREVENTIVA E CORRETIVA) | J91: =(K91*$H$156)+K91 -> 0 | Q91: =U91&"/17" -> /17
A92: 07.1 | B92: =U92&"/17" -> MDF-Man-0065/17 | C92: Cotação GTE-MDF | D92: Capacitor de 20MF | E92: unid. | F92: 6 | G92: =J92 -> 18.47124 | H92: =G92*F92 -> 110.82744 | J92: =(K92*$H$156)+K92 -> 18.47124 | K92: 16.2 | Q92: =U92&"/17" -> MDF-Man-0065/17 | S92: =V92 -> 0 | U92: MDF-Man-0065
A93: 07.2 | B93: =U93&"/17" -> MDF-Man-0066/17 | C93: Cotação GTE-MDF | D93: Capacitor de 25MF | E93: unid. | F93: 6 | G93: =J93 -> 18.687878 | H93: =G93*F93 -> 112.12727 | J93: =(K93*$H$156)+K93 -> 18.687878 | K93: 16.39 | Q93: =U93&"/17" -> MDF-Man-0066/17 | S93: =V93 -> 0 | U93: MDF-Man-0066
A94: 07.3 | B94: =U94&"/17" -> MDF-Man-0067/17 | C94: Cotação GTE-MDF | D94: Capacitor de 30MF | E94: unid. | F94: 6 | G94: =J94 -> 20.329766 | H94: =G94*F94 -> 121.9786 | J94: =(K94*$H$156)+K94 -> 20.329766 | K94: 17.83 | Q94: =U94&"/17" -> MDF-Man-0067/17 | S94: =V94 -> 0 | U94: MDF-Man-0067
A95: 07.4 | B95: =U95&"/17" -> MDF-Man-0068/17 | C95: Cotação GTE-MDF | D95: Capacitor Eletrolítico 347MF | E95: unid | F95: 6 | G95: =J95 -> 38.344926 | H95: =G95*F95 -> 230.06956 | J95: =(K95*$H$156)+K95 -> 38.344926 | K95: 33.63 | Q95: =U95&"/17" -> MDF-Man-0068/17 | S95: =V95 -> 0 | U95: MDF-Man-0068
A96: 07.5 | B96: =U96&"/17" -> MDF-Man-0069/17 | C96: Cotação GTE-MDF | D96: Capacitor Eletrolítico 5MF | E96: unid | F96: 6 | G96: =J96 -> 10.797694 | H96: =G96*F96 -> 64.786164 | J96: =(K96*$H$156)+K96 -> 10.797694 | K96: 9.47 | Q96: =U96&"/17" -> MDF-Man-0069/17 | S96: =V96 -> 0 | U96: MDF-Man-0069
A97: 07.6 | B97: =U97&"/17" -> MDF-Man-0070/17 | C97: Cotação GTE-MDF | D97: Compressor rotativo 220v ACJ 30000 BTUS | E97: um | F97: 10 | G97: =J97 -> 860.17828 | H97: =G97*F97 -> 8601.7828 | J97: =(K97*$H$156)+K97 -> 860.17828 | K97: 754.41 | Q97: =U97&"/17" -> MDF-Man-0070/17 | S97: =V97 -> 0 | U97: MDF-Man-0070
A98: 07.7 | B98: =U98&"/17" -> MDF-Man-0071/17 | C98: Cotação GTE-MDF | D98: Compressor Hitachi 9.000 BTU'S 220v SPLIT | E98: unid. | F98: 3 | G98: =J98 -> 389.65195 | H98: =G98*F98 -> 1168.9558 | J98: =(K98*$H$156)+K98 -> 389.65195 | K98: 341.74 | Q98: =U98&"/17" -> MDF-Man-0071/17 | S98: =V98 -> 0 | U98: MDF-Man-0071
A99: 07.8 | B99: =U99&"/17" -> MDF-Man-0072/17 | C99: Cotação GTE-MDF | D99: Compressor para Ar Condicionado 7500 BTUS | E99: unid. | F99: 3 | G99: =J99 -> 364.2939 | H99: =G99*F99 -> 1092.8817 | J99: =(K99*$H$156)+K99 -> 364.2939 | K99: 319.5 | Q99: =U99&"/17" -> MDF-Man-0072/17 | S99: =V99 -> 0 | U99: MDF-Man-0072
A100: 07.9 | B100: =U100&"/17" -> MDF-Man-0073/17 | C100: Cotação GTE-MDF | D100: Compressor rotativo 220v ACJ 12.000 BTUS | E100: unid | F100: 3 | G100: =J100 -> 779.14427 | H100: =G100*F100 -> 2337.4328 | J100: =(K100*$H$156)+K100 -> 779.14427 | K100: 683.34 | Q100: =U100&"/17" -> MDF-Man-0073/17 | S100: =V100 -> 0 | U100: MDF-Man-0073
A101: 07.10 | B101: =U101&"/17" -> MDF-Man-0074/17 | C101: Concor. Nº. 01/2016-TCDF | D101: Compressor rotativo 220v ACJ 18.000 BTUS | E101: unid | F101: 6 | G101: =J101 -> 682.4097 | H101: =G101*F101 -> 4094.4582 | J101: =(K101*$H$156)+K101 -> 682.4097 | K101: 598.5 | Q101: =U101&"/17" -> MDF-Man-0074/17 | S101: =V101 -> 0 | U101: MDF-Man-0074
A102: 07.11 | B102: =U102&"/17" -> MDF-Man-0075/17 | C102: Cotação GTE-MDF | D102: Compressor Rotativo 24.000 BTUS/H 220V | E102: unid | F102: 6 | G102: =J102 -> 853.72475 | H102: =G102*F102 -> 5122.3485 | J102: =(K102*$H$156)+K102 -> 853.72475 | K102: 748.75 | Q102: =U102&"/17" -> MDF-Man-0075/17 | S102: =V102 -> 0 | U102: MDF-Man-0075
A103: 07.12 | B103: =U103&"/17" -> MDF-Man-0076/17 | C103: Cotação GTE-MDF | D103: Conj. Astop com Tomada 2P+TE Disjuntor de 20 Amperes | E103: unid. | F103: 15 | G103: =J103 -> 36.189948 | H103: =G103*F103 -> 542.84922 | J103: =(K103*$H$156)+K103 -> 36.189948 | K103: 31.74 | Q103: =U103&"/17" -> MDF-Man-0076/17 | S103: =V103 -> 0 | U103: MDF-Man-0076
A104: 07.13 | B104: =U104&"/17" -> MDF-Man-0077/17 | C104: Cotação GTE-MDF | D104: Conj. Astop com Tomada 2P+TE Disjuntor de 32 Amperes | E104: unid. | F104: 15 | G104: =J104 -> 14.548952 | H104: =G104*F104 -> 218.23428 | J104: =(K104*$H$156)+K104 -> 14.548952 | K104: 12.76 | Q104: =U104&"/17" -> MDF-Man-0077/17 | S104: =V104 -> 0 | U104: MDF-Man-0077
...

Sheet ANEXO VI - Curva ABC
A2: ITEM | B2: DESCRIÇÃO | C2: VALOR TOTAL COM BDI | F2: REFERÊNCIA | K2: % ITEM | L2: CÓDIGO | M2: % ACUMULADO
A3: 04.3 | B3: Técnico em Refrigeração p/ Manutenção (12 x 36 Horas - 2º Turno Noturno) | C3: =VLOOKUP(A3,$P$3:$W$144, 8, FALSE) -> 175974.97 | K3: =(C3*100)/$C$128 -> 19.793799 | M3: =K3 -> 19.793799 | P3: 01.1.1 | Q3: MDF-Man-0001/17 | R3: Tabela CREA-DF | S3: Taxa Registro Contrato Execução Serviços Manutenção Edificações CREA / DF - Valor > R$ 15.000,00 | T3: un | U3: 1 | V3: 270.32949 | W3: 270.32949
A4: 04.1 | B4: Técnico em Refrigeração p/ Manutenção (12 x 36 Horas - 1º Turno Diurno) | C4: =VLOOKUP(A4,$P$3:$W$144, 8, FALSE) -> 140440.96 | K4: =(C4*100)/$C$128 -> 15.796906 | M4: =K4+M3 -> 35.590705 | P4: 01.1.2 | Q4: MDF-Man-0002/17 | R4: Tabela CREA-DF | S4: Taxa Anotação de Responsabilidade Técnica do Engenheiro - ART CREA / DF | T4: un | U4: 1 | V4: 102.59735 | W4: 102.59735
A5: 04.4 | B5: Ajudante de Manutenção (12 x 36 Horas - 2º Turno Noturno) | C5: =VLOOKUP(A5,$P$3:$W$144, 8, FALSE) -> 99197.014 | K5: =(C5*100)/$C$128 -> 11.157756 | M5: =K5+M4 -> 46.748461 | S5: Total do Item 01 (Para 12 Meses) | W5: 372.92684
A6: 04.2 | B6: Ajudante de Manutenção (12 x 36 -Horas - 1º Turno Diurno) | C6: =VLOOKUP(A6,$P$3:$W$144, 8, FALSE) -> 80774.515 | K6: =(C6*100)/$C$128 -> 9.0855789 | M6: =K6+M5 -> 55.83404 | P6: 02 | Q6: IMPLANTAÇÃO / ADMINISTRAÇÃO (MANUTENÇÃO PREVENTIVA / CORRETIVA):
A7: 02.2.1 | B7: Veículo Comercial Leve (Pick-Up) c/ Capacidade de Carga 700 kg - Motor 1.0 Flex, Pot. 72/76 CV (Incluindo Manutenção Mecânica / Operação, Exceto Combustível)(01 Unidade)(P. Unitário p / 01 Veículo) | C7: =VLOOKUP(A7,$P$3:$W$144, 8, FALSE) -> 52324.272 | K7: =(C7*100)/$C$128 -> 5.8854739 | M7: =K7+M6 -> 61.719514 | P7: 02.1 | Q7: TAXAS DE CONSUMOS MENSAIS ESTIMADAS:
A8: 03.2.2 | B8: Eletricista p/ Manutenção (Mensalista - 44 Horas Semanais) | C8: =VLOOKUP(A8,$P$3:$W$144, 8, FALSE) -> 47286.788 | K8: =(C8*100)/$C$128 -> 5.3188539 | M8: =K8+M7 -> 67.038367 | P8: 02.1.1 | Q8: MDF-Man-0003/17 | R8: 00014250 - SINAPI Adaptado | S8: Rateio Estimado Energia Elétrica Escritório Central + Frentes de Serviços (2.000 kWh / Mês)(A ser Reembolsado pela CONTRATADA) | T8: mês | U8: 12 | V8: -1080 | W8: -12960
A9: 03.2.3 | B9: Mecânico de Refrigeração p/ Manutenção (Mensalista - 44 Horas Semanais) | C9: =VLOOKUP(A9,$P$3:$W$144, 8, FALSE) -> 46128.405 | K9: =(C9*100)/$C$128 -> 5.1885581 | M9: =K9+M8 -> 72.226925 | P9: 02.1.2 | Q9: MDF-Man-0004/17 | R9: 00014583 - SINAPI Adaptado | S9: Rateio Estimado Água Potável / Esgoto Escritório Central + Frentes de Srviços (19,50m³ + Taxa Esgoto) / Mês (A ser Reembolsado pela CONTRATADA) | T9: mês | U9: 12 | V9: -408.4 | W9: -4900.8
A10: 03.2.4 | B10: Ajudante de Manutenção (Mensalista - 44 Hora Semanais) | C10: =VLOOKUP(A10,$P$3:$W$144, 8, FALSE) -> 38317.268 | K10: =(C10*100)/$C$128 -> 4.3099554 | M10: =K10+M9 -> 76.536881 | P10: 02.1.3 | Q10: MDF-Man-0005/17 | R10: Histórico Contratos MDF | S10: Telefone Celular / Internet Estimado (03 Unidades)(P. Unitário p / 03 Unidades) | T10: mês | U10: 12 | V10: 943.8 | W10: 11325.6
A11: 03.2.1 | B11: Auxiliar Administrativo (Mensalista - 44 Horas Semanais) | C11: =VLOOKUP(A11,$P$3:$W$144, 8, FALSE) -> 31164.68 | K11: =(C11*100)/$C$128 -> 3.5054269 | M11: =K11+M10 -> 80.042308 | P11: 02.2 | Q11: TRANSPORTE DE PESSOAL E MATERIAIS TRECHO ESCRITÓRIO CENTRAL (COMPLEXO ADMINISTRATIVO E OPERACIONAL - CAO , EM ÁGUAS CLARAS-DF) ATÉ AS FRENTES DE SERVIÇOS:
A12: 03.1.1 | B12: Engenheiro Mecânico (05 HORAS Semanais / 20 Horas Mensais) | C12: =VLOOKUP(A12,$P$3:$W$144, 8, FALSE) -> 31016.57 | K12: =(C12*100)/$C$128 -> 3.4887674 | M12: =K12+M11 -> 83.531075 | P12: 02.2.1 | Q12: MDF-Man-0006/17 | R12: 00001160 - SINAPI Adaptado | S12: Veículo Comercial Leve (Pick-Up) c/ Capacidade de Carga 700 kg - Motor 1.0 Flex, Pot. 72/76 CV (Incluindo Manutenção Mecânica / Operação, Exceto Combustível)(01 Unidade)(P. Unitário p / 01 Veículo) | T12: mês | U12: 12 | V12: 4360.356 | W12: 52324.272
A13: 06.1 | B13: Limpeza e Higienização de Dutos SOB DEMANDA | C13: =VLOOKUP(A13,$P$3:$W$144, 8, FALSE) -> 23972.146 | K13: =(C13*100)/$C$128 -> 2.6964053 | M13: =K13+M12 -> 86.22748 | P13: 02.2.2 | Q13: MDF-Man-0007/17 | R13: 00004222 - SINAPI Adaptado | S13: Combustível / Gasolina Comum ou Equivalente (45,00 Litros / Semana / Veiculo ou 196,00 Litros / Mês / Veiculo)(P. Unitário Combustível Mensal p / 02 veículos) | T13: mês | U13: 12 | V13: 1815.3175 | W13: 21783.81
A14: 02.2.2 | B14: Combustível / Gasolina Comum ou Equivalente (45,00 Litros / Semana / Veiculo ou 196,00 Litros / Mês / Veiculo)(P. Unitário Combustível Mensal p / 02 veículos) | C14: =VLOOKUP(A14,$P$3:$W$144, 8, FALSE) -> 21783.81 | K14: =(C14*100)/$C$128 -> 2.4502595 | M14: =K14+M13 -> 88.67774 | S14: Total do Item 02 (Para 12 Meses) | W14: 67572.882
A15: 02.1.3 | B15: Telefone Celular / Internet Estimado (03 Unidades)(P. Unitário p / 03 Unidades) | C15: =VLOOKUP(A15,$P$3:$W$144, 8, FALSE) -> 11325.6 | K15: =(C15*100)/$C$128 -> 1.2739121 | M15: =K15+M14 -> 89.951652 | P15: 03 | Q15: EQUIPE MÍNIMA RESIDENTE P/ MANUTENÇÃO PREVENTIVA E CORRETIVA
A16: 07.6 | B16: Compressor rotativo 220v ACJ 30000 BTUS | C16: =VLOOKUP(A16,$P$3:$W$144, 8, FALSE) -> 8601.7828 | K16: =(C16*100)/$C$128 -> 0.96753508 | M16: =K16+M15 -> 90.919187 | P16: 03.1 | Q16: MENSALISTA: 05,00 HORAS SEMANAIS / 20 HORAS MENSAIS
A17: 06.11 | B17: Revisão de conjunto motobomba de água gelada, com motor elétrico, trifasica, marcas KSB e GLASS, 12,5 CV, incluindo carga, descarga e transporte, limpeza geral, revisão mecânica, remoção e execução de novo enrolamento (se necessário), substituição de componentes elétricos diversos, amortecedores anti-vibração, acessórios mecânicos, enfim tudo o que for necessário para deixar os referidos equipamentos em perfeitas condições de uso e funcionamento. | C17: =VLOOKUP(A17,$P$3:$W$144, 8, FALSE) -> 8028.592 | K17: =(C17*100)/$C$128 -> 0.90306214 | M17: =K17+M16 -> 91.822249 | P17: 03.1.1 | Q17: MDF-Man-0008/17 | R17: 00034780 - SINAPI | S17: Engenheiro Mecânico (05 HORAS Semanais / 20 Horas Mensais) | T17: mês | U17: 12 | V17: 2584.7142 | W17: 31016.57
A18: 06.4 | B18: Revisão de motor elétrico trifasico, 3 CV, com montagem e desmontagem, enrolamento, remoção e execução de novo enrolamento (se necessário), de eixo, recuperação de carcaça (se necessário), substituição de componentes elétricos diversos, amortecedores anti-vibração, acessórios mecânicos, enfim tudo o que for necessário para deixar os referidos equipamentos em perfeitas condições de uso e funcionamento. | C18: =VLOOKUP(A18,$P$3:$W$144, 8, FALSE) -> 7399.392 | K18: =(C18*100)/$C$128 -> 0.83228924 | M18: =K18+M17 -> 92.654539 | P18: 03.2 | Q18: MENSALISTA 44 HORAS SEMANAIS - HORÁRIO DE 08:00 ÀS 18:00
A19: 06.6 | B19: Revisão de motor elétrico trifasico, 5 CV, com montagem e desmontagem, enrolamento, remoção e execução de novo enrolamento (se necessário), de eixo, recuperação de carcaça (se necessário), substituição de componentes elétricos diversos, amortecedores anti-vibração, acessórios mecânicos, enfim tudo o que for necessário para deixar os referidos equipamentos em perfeitas condições de uso e funcionamento. | C19: =VLOOKUP(A19,$P$3:$W$144, 8, FALSE) -> 5945.94 | K19: =(C19*100)/$C$128 -> 0.66880386 | M19: =K19+M18 -> 93.323342 | P19: 03.2.1 | Q19: MDF-Man-0009/17 | R19: SINTEC-DF ACT 2016 / 2018 | S19: Auxiliar Administrativo (Mensalista - 44 Horas Semanais) | T19: mês | U19: 12 | V19: 2597.0566 | W19: 31164.68
A20: 06.12 | B20: Revisão de Motor Elétrico Trifasico, 0,33 HP até 1,4 HP, com Montagem e Desmontagem, Enrolamento, Remoção e Execução de novo Enrolamento (se necessário), de eixo, recuperação de carcaça (se necessário), substituição de Componentes elétricos diversos, amortecedores anti-vibração, Acessórios Mecânicos, enfim tudo o que for Necessário para deixar os Referidos Equipamentos em Perfeitas Condições de uso e Funcionamento. | C20: =VLOOKUP(A20,$P$3:$W$144, 8, FALSE) -> 5851.56 | K20: =(C20*100)/$C$128 -> 0.65818792 | M20: =K20+M19 -> 93.98153 | P20: 03.2.2 | Q20: MDF-Man-0010/17 | R20: 00002436 - SINAPI | S20: Eletricista p/ Manutenção (Mensalista - 44 Horas Semanais) | T20: mês | U20: 12 | V20: 3940.5656 | W20: 47286.788
A21: 05.28 | B21: Gás R22 Importado 13,6 kg EOS/Refrigera | C21: =VLOOKUP(A21,$P$3:$W$144, 8, FALSE) -> 5158.6069 | K21: =(C21*100)/$C$128 -> 0.58024403 | M21: =K21+M20 -> 94.561774 | P21: 03.2.3 | Q21: MDF-Man-0011/17 | R21: 00002436 - SINAPI | S21: Mecânico de Refrigeração p/ Manutenção (Mensalista - 44 Horas Semanais) | T21: mês | U21: 12 | V21: 3844.0337 | W21: 46128.405
A22: 07.11 | B22: Compressor Rotativo 24.000 BTUS/H 220V | C22: =VLOOKUP(A22,$P$3:$W$144, 8, FALSE) -> 5122.3485 | K22: =(C22*100)/$C$128 -> 0.57616566 | M22: =K22+M21 -> 95.13794 | P22: 03.2.4 | Q22: MDF-Man-0012/17 | R22: SINTEC-DF ACT 2016 / 2018 | S22: Auxiliar Técnico (Mensalista - 44 Hora Semanais) | T22: mês | U22: 12 | V22: 3193.1056 | W22: 38317.268
A23: 07.10 | B23: Compressor rotativo 220v ACJ 18.000 BTUS | C23: =VLOOKUP(A23,$P$3:$W$144, 8, FALSE) -> 4094.4582 | K23: =(C23*100)/$C$128 -> 0.46054777 | M23: =K23+M22 -> 95.598488 | S23: Total do Item 03 (Para 12 Meses) | W23: 193913.71
A24: 05.27 | B24: Gás R-141B Descartável 13,6 kg | C24: =VLOOKUP(A24,$P$3:$W$144, 8, FALSE) -> 3873.3506 | K24: =(C24*100)/$C$128 -> 0.43567742 | M24: =K24+M23 -> 96.034165 | P24: 04 | Q24: EQUIPE MÍNIMA RESIDENTE P/ MANUTENÇÃO PREVENTIVA E CORRETIVA (MENSALISTA EM ESCALA 12 (DOZE) x 36 (TRINTA E SEIS) HORAS:
A25: 06.9 | B25: Revisão de conjunto motobomba de água gelada, com motor elétrico, trifasica, marcas KSB e GLASS, 5,0 CV, incluindo carga, descarga e transporte, limpeza geral, revisão mecânica, remoção e execução de novo enrolamento (se necessário), substituição de componentes elétricos diversos, amortecedores anti-vibração, acessórios mecânicos, enfim tudo o que for necessário para deixar os referidos equipamentos em perfeitas condições de uso e funcionamento. | C25: =VLOOKUP(A25,$P$3:$W$144, 8, FALSE) -> 3643.068 | K25: =(C25*100)/$C$128 -> 0.40977506 | M25: =K25+M24 -> 96.44394 | P25: 04.1 | Q25: MDF-Man-0013/17 | R25: SINTEC-DF ACT 2016 / 2018 | S25: Técnico em Refrigeração p/ Manutenção (12 x 36 Horas - 1º Turno Diurno) | T25: mês | U25: 24 | V25: 5851.7067 | W25: 140440.96
A26: 06.8 | B26: Revisão de motor elétrico trifasico, 12,5 CV, com montagem e desmontagem, enrolamento, remoção e execução de novo enrolamento (se necessário), de eixo, recuperação de carcaça (se necessário), substituição de componentes elétricos diversos, amortecedores anti-vibração, acessórios mecânicos, enfim tudo o que for necessário para deixar os referidos equipamentos em perfeitas condições de uso e funcionamento. | C26: =VLOOKUP(A26,$P$3:$W$144, 8, FALSE) -> 3133.416 | K26: =(C26*100)/$C$128 -> 0.35244902 | M26: =K26+M25 -> 96.796389 | P26: 04.2 | Q26: MDF-Man-0014/17 | R26: SINTEC-DF ACT 2016 / 2018 | S26: Auxiliar Tècnico (12 x 36 -Horas - 1º Turno Diurno) | T26: mês | U26: 24 | V26: 3365.6048 | W26: 80774.515
A27: 06.10 | B27: Revisão de conjunto motobomba de água gelada, com motor elétrico, trifasica, marcas KSB e GLASS, 6,0 CV, incluindo carga, descarga e transporte, limpeza geral, revisão mecânica, remoção e execução de novo enrolamento (se necessário), substituição de componentes elétricos diversos, amortecedores anti-vibração, acessórios mecânicos, enfim tudo o que for necessário para deixar os referidos equipamentos em perfeitas condições de uso e funcionamento. | C27: =VLOOKUP(A27,$P$3:$W$144, 8, FALSE) -> 2554.552 | K27: =(C27*100)/$C$128 -> 0.28733795 | M27: =K27+M26 -> 97.083727 | P27: 04.3 | Q27: MDF-Man-0015/17 | R27: SINTEC-DF ACT 2016 / 2018 | S27: Técnico em Refrigeração p/ Manutenção (12 x 36 Horas - 2º Turno Noturno) | T27: mês | U27: 24 | V27: 7332.2906 | W27: 175974.97
A28: 07.9 | B28: Compressor rotativo 220v ACJ 12.000 BTUS | C28: =VLOOKUP(A28,$P$3:$W$144, 8, FALSE) -> 2337.4328 | K28: =(C28*100)/$C$128 -> 0.26291622 | M28: =K28+M27 -> 97.346643 | P28: 04.4 | Q28: MDF-Man-0016/17 | R28: SINTEC-DF ACT 2016 / 2018 | S28: Auxiliar Técnico (12 x 36 Horas - 2º Turno Noturno) | T28: mês | U28: 24 | V28: 4133.2089 | W28: 99197.014
A29: 06.3 | B29: Revisão de Motor Elétrico trifasico, 2 CV, com Montagem e Desmontagem, Enrolamento, Remoção e execução de novo enrolamento (se necessário), de eixo, Recuperação de carcaça (se necessário), Substituição de Componentes Elétricos diversos, amortecedores anti-vibração, Acessórios Mecânicos, enfim tudo o que for necessário para deixar os referidos Equipamentos em Perfeitas condições de uso e Funcionamento. | C29: =VLOOKUP(A29,$P$3:$W$144, 8, FALSE) -> 2227.368 | K29: =(C29*100)/$C$128 -> 0.25053605 | M29: =K29+M28 -> 97.59718 | S29: Total do Item 04 (Para 12 Meses) | W29: 496387.46
A30: 06.7 | B30: Revisão de motor elétrico trifasico, 6 CV, com montagem e desmontagem, enrolamento, remoção e execução de novo enrolamento (se necessário), de eixo, recuperação de carcaça (se necessário), substituição de componentes elétricos diversos, amortecedores anti-vibração, acessórios mecânicos, enfim tudo o que for necessário para deixar os referidos equipamentos em perfeitas condições de uso e funcionamento. | C30: =VLOOKUP(A30,$P$3:$W$144, 8, FALSE) -> 2051.192 | K30: =(C30*100)/$C$128 -> 0.23071964 | M30: =K30+M29 -> 97.827899 | P30: 05 | Q30: INSUMOS E MATERIAIS CONSUMÍVEIS (MANUTENÇÃO PREVENTIVA E CORRETIVA)
A31: 06.5 | B31: Revisão de motor elétrico trifasico, 4 CV, com montagem e desmontagem, enrolamento, remoção e execução de novo enrolamento (se necessário), de eixo, recuperação de carcaça (se necessário), substituição de componentes elétricos diversos, amortecedores anti-vibração, acessórios mecânicos, enfim tudo o que for necessário para deixar os referidos equipamentos em perfeitas condições de uso e funcionamento. | C31: =VLOOKUP(A31,$P$3:$W$144, 8, FALSE) -> 2026.024 | K31: =(C31*100)/$C$128 -> 0.22788872 | M31: =K31+M30 -> 98.055788 | P31: 05.1 | Q31: MDF-Man-0017/17 | R31: 00009868 - SINAPI | S31: Barra de Tubo PVC Soldável 25mm | T31: m | U31: 30 | V31: 3.260972 | W31: 97.82916
A32: 05.18 | B32: Limpador Concentrado Para Alumínio Thilex ou Similar | C32: =VLOOKUP(A32,$P$3:$W$144, 8, FALSE) -> 1972.546 | K32: =(C32*100)/$C$128 -> 0.22187348 | M32: =K32+M31 -> 98.277661 | P32: 05.2 | Q32: MDF-Man-0018/17 | R32: 00034621 SINAPI | S32: Cabo Flexível PVC 750 V, 3 Condutores de 4,0 mm2 | T32: m | U32: 100 | V32: 7.206064 | W32: 720.6064
A33: 07.45 | B33: Motor Ventilador para Ar Condicionado - 30000 BTUS | C33: =VLOOKUP(A33,$P$3:$W$144, 8, FALSE) -> 1710.3 | K33: =(C33*100)/$C$128 -> 0.19237585 | M33: =K33+M32 -> 98.470037 | P33: 05.3 | Q33: MDF-Man-0019/17 | R33: Cotação GTE-MDF | S33: Cabo Elétrico Flexível Preto 3 X 2,5MMCS | T33: m | U33: 100 | V33: 6.635964 | W33: 663.5964
A34: 07.32 | B34: Hélice para ACJ 30000 BTUS MUNDIAL | C34: =VLOOKUP(A34,$P$3:$W$144, 8, FALSE) -> 1516.466 | K34: =(C34*100)/$C$128 -> 0.17057325 | M34: =K34+M33 -> 98.64061 | P34: 05.4 | Q34: MDF-Man-0020/17 | R34: Cotação GTE-MDF | S34: Estanho em fio para Solda - Carretel com 500g | T34: unid | U34: 3 | V34: 93.074526 | W34: 279.22358
A35: 06.2 | B35: Revisão de Motor Elétrico Trifásico, 1,5 CV, com Montagem e Desmontagem, Enrolamento, Remoção e Execução de novo Enrolamento (se necessário), de eixo, Recuperação de Carcaça (se necessário), Substituição de Componentes elétricos diversos, amortecedores anti-vibração, acessórios mecânicos, enfim tudo o que for necessário para deixar os referidos equipamentos em perfeitas condições de uso e funcionamento. | C35: =VLOOKUP(A35,$P$3:$W$144, 8, FALSE) -> 1352.78 | K35: =(C35*100)/$C$128 -> 0.15216172 | M35: =K35+M34 -> 98.792772 | P35: 05.5 | Q35: MDF-Man-0021/17 | R35: Cotação GTE-MDF | S35: Acetileno (m³) | T35: m³ | U35: 3 | V35: 102.618 | W35: 307.854
A36: 07.44 | B36: Motor Ventilador para Ar Condicionado - 18000 BTUS | C36: =VLOOKUP(A36,$P$3:$W$144, 8, FALSE) -> 1254.22 | K36: =(C36*100)/$C$128 -> 0.14107562 | M36: =K36+M35 -> 98.933848 | P36: 05.6 | Q36: MDF-Man-0022/17 | R36: Cotação GTE-MDF | S36: Limpador Concentrado Biorefri ou similar - GL 5LTS | T36: unid | U36: 10 | V36: 85.515 | W36: 855.15
A37: 07.7 | B37: Compressor Hitachi 9.000 BTU'S 220v SPLIT | C37: =VLOOKUP(A37,$P$3:$W$144, 8, FALSE) -> 1168.9558 | K37: =(C37*100)/$C$128 -> 0.13148504 | M37: =K37+M36 -> 99.065333 | P37: 05.7 | Q37: MDF-Man-0023/17 | R37: Cotação GTE-MDF | S37: Óleo p/ Bomba de Vácuo ISO 46 MONTREAL | T37: L | U37: 10 | V37: 32.586916 | W37: 325.86916
A38: 07.49 | B38: Termostato para ACJ 18000 BTUS SPRINGER | C38: =VLOOKUP(A38,$P$3:$W$144, 8, FALSE) -> 1140.2 | K38: =(C38*100)/$C$128 -> 0.12825056 | M38: =K38+M37 -> 99.193583 | P38: 05.8 | Q38: MDF-Man-0024/17 | R38: Cotação GTE-MDF | S38: Porca Forjada 1/4" | T38: unid. | U38: 5 | V38: 2.96452 | W38: 14.8226
A39: 07.8 | B39: Compressor para Ar Condicionado 7500 BTUS | C39: =VLOOKUP(A39,$P$3:$W$144, 8, FALSE) -> 1092.8817 | K39: =(C39*100)/$C$128 -> 0.12292817 | M39: =K39+M38 -> 99.316512 | P39: 05.9 | Q39: MDF-Man-0025/17 | R39: Cotação GTE-MDF | S39: Porca para Flange 1/2" | T39: unid. | U39: 5 | V39: 5.780814 | W39: 28.90407
A40: 07.31 | B40: Hélice para ACJ 18000 BTUS MUNDIAL | C40: =VLOOKUP(A40,$P$3:$W$144, 8, FALSE) -> 1005.6564 | K40: =(C40*100)/$C$128 -> 0.113117 | M40: =K40+M39 -> 99.429629 | P40: 05.10 | Q40: MDF-Man-0026/17 | R40: Cotação GTE-MDF | S40: Porca para Flange 1/4" | T40: unid. | U40: 5 | V40: 2.702274 | W40: 13.51137
A41: 07.46 | B41: Núcleo, Filtro, Sucção 48F, DCR | C41: =VLOOKUP(A41,$P$3:$W$144, 8, FALSE) -> 945.54506 | K41: =(C41*100)/$C$128 -> 0.10635563 | M41: =K41+M40 -> 99.535984 | P41: 05.11 | Q41: MDF-Man-0027/17 | R41: Cotação GTE-MDF | S41: Porca para Flange 3/8" | T41: unid. | U41: 5 | V41: 4.059112 | W41: 20.29556
A42: 05.6 | B42: Limpador Concentrado Biorefri ou similar - GL 5LTS | C42: =VLOOKUP(A42,$P$3:$W$144, 8, FALSE) -> 855.15 | K42: =(C42*100)/$C$128 -> 0.096187923 | M42: =K42+M41 -> 99.632172 | P42: 05.12 | Q42: MDF-Man-0028/17 | R42: Cotação GTE-MDF | S42: Porca para Flange 5/8" | T42: unid. | U42: 5 | V42: 6.2711 | W42: 31.3555
... A66: 07.22 | B66: Correia BXS 67 Goodyear ou Equivalente Técnico | C66: =VLOOKUP(A66,$P$3:$W$144, 8, FALSE) -> 319.96292 | K66: =(C66*100)/$C$128 -> 0.035989673 | M66: =K66+M65 -> 101.21997 | P66: 05.36 | Q66: MDF-Man-0052/1 | R66: Cotação GTE-MDF | S66: Tampão 1/4" NPT Macho | T66: unid | U66: 10 | V66: 3.728454 | W66: 37.28454
A67: 05.5 | B67: Acetileno (m³) | C67: =VLOOKUP(A67,$P$3:$W$144, 8, FALSE) -> 307.854 | K67: =(C67*100)/$C$128 -> 0.034627652 | M67: =K67+M66 -> 101.2546 | S67: Total do Item 05 (Para 12 Meses) | W67: 20112.581
A68: 05.31 | B68: Óleo para Bomba de Vácuo | C68: =VLOOKUP(A68,$P$3:$W$144, 8, FALSE) -> 305.23154 | K68: =(C68*100)/$C$128 -> 0.034332676 | M68: =K68+M67 -> 101.28893
A69: 07.41 | B69: Manômetro Manifull P/R-22 Imperial ou similar | C69: =VLOOKUP(A69,$P$3:$W$144, 8, FALSE) -> 302.49506 | K69: =(C69*100)/$C$128 -> 0.034024875 | M69: =K69+M68 -> 101.32295 | P69: 6 | Q69: SERVICOS EVENTUAIS, SOB DEMANDA (MANUTENÇÃO CORRETIVA / PREVENTIVA)
A70: 05.19 | B70: Detergente | C70: =VLOOKUP(A70,$P$3:$W$144, 8, FALSE) -> 300.78476 | K70: =(C70*100)/$C$128 -> 0.033832499 | M70: =K70+M69 -> 101.35679 | P70: 06.1 | Q70: MDF-Man-0053/17 | R70: Concor. Nº. 01/2016-TCDF | S70: Limpeza e Higienização de Dutos SOB DEMANDA | T70: m | U70: 1611.65 | V70: 14.874288 | W70: 23972.146
A71: 07.21 | B71: C orreia BXS 65 Goodyear ou Equivalente Técnico | C71: =VLOOKUP(A71,$P$3:$W$144, 8, FALSE) -> 289.72482 | K71: =(C71*100)/$C$128 -> 0.032588468 | M71: =K71+M70 -> 101.38938 | P71: 06.2 | Q71: MDF-Man-0054/17 | R71: Cotação GTE-MDF | S71: Revisão de Motor Elétrico Trifásico, 1,5 CV, com Montagem e Desmontagem, Enrolamento, Remoção e Execução de novo Enrolamento (se necessário), de eixo, Recuperação de Carcaça (se necessário), Substituição de Componentes elétricos diversos, amortecedores anti-vibração, acessórios mecânicos, enfim tudo o que for necessário para deixar os referidos equipamentos em perfeitas condições de uso e funcionamento. | T71: unid. | U71: 2 | V71: 676.39 | W71: 1352.78
A72: 07.20 | B72: Correia BXS 64 Goodyear ouo Equivalente Técnico | C72: =VLOOKUP(A72,$P$3:$W$144, 8, FALSE) -> 289.38276 | K72: =(C72*100)/$C$128 -> 0.032549993 | M72: =K72+M71 -> 101.42193 | P72: 06.3 | Q72: MDF-Man-0055/17 | R72: Cotação GTE-MDF | S72: Revisão de Motor Elétrico trifasico, 2 CV, com Montagem e Desmontagem, Enrolamento, Remoção e execução de novo enrolamento (se necessário), de eixo, Recuperação de carcaça (se necessário), Substituição de Componentes Elétricos diversos, amortecedores anti-vibração, Acessórios Mecânicos, enfim tudo o que for necessário para deixar os referidos Equipamentos em Perfeitas condições de uso e Funcionamento. | T72: unid. | U72: 3 | V72: 742.456 | W72: 2227.368
A73: 05.4 | B73: Estanho em fio para Solda - Carretel com 500g | C73: =VLOOKUP(A73,$P$3:$W$144, 8, FALSE) -> 279.22358 | K73: =(C73*100)/$C$128 -> 0.031407281 | M73: =K73+M72 -> 101.45333 | P73: 06.4 | Q73: MDF-Man-0056/17 | R73: Cotação GTE-MDF | S73: Revisão de motor elétrico trifasico, 3 CV, com montagem e desmontagem, enrolamento, remoção e execução de novo enrolamento (se necessário), de eixo, recuperação de carcaça (se necessário), substituição de componentes elétricos diversos, amortecedores anti-vibração, acessórios mecânicos, enfim tudo o que for necessário para deixar os referidos equipamentos em perfeitas condições de uso e funcionamento. | T73: unid. | U73: 8 | V73: 924.924 | W73: 7399.392
A74: 07.59 | B74: Turbina Plástica para SPLIT 18000 BTUS HIWALL | C74: =VLOOKUP(A74,$P$3:$W$144, 8, FALSE) -> 273.648 | K74: =(C74*100)/$C$128 -> 0.030780135 | M74: =K74+M73 -> 101.48411 | P74: 06.5 | Q74: MDF-Man-0057/17 | R74: Cotação GTE-MDF | S74: Revisão de motor elétrico trifasico, 4 CV, com montagem e desmontagem, enrolamento, remoção e execução de novo enrolamento (se necessário), de eixo, recuperação de carcaça (se necessário), substituição de componentes elétricos diversos, amortecedores anti-vibração, acessórios mecânicos, enfim tudo o que for necessário para deixar os referidos equipamentos em perfeitas condições de uso e funcionamento. | T74: unid. | U74: 2 | V74: 1013.012 | W74: 2026.024
A75: 01.1.1 | B75: Taxa Registro Contrato Execução Serviços Manutenção Edificações CREA / DF - Valor > R$ 15.000,00 | C75: =VLOOKUP(A75,$P$3:$W$144, 8, FALSE) -> 270.32949 | K75: =(C75*100)/$C$128 -> 0.030406867 | M75: =K75+M74 -> 101.51452 | P75: 06.6 | Q75: MDF-Man-0058/17 | R75: Cotação GTE-MDF | S75: Revisão de motor elétrico trifasico, 5 CV, com montagem e desmontagem, enrolamento, remoção e execução de novo enrolamento (se necessário), de eixo, recuperação de carcaça (se necessário), substituição de componentes elétricos diversos, amortecedores anti-vibração, acessórios mecânicos, enfim tudo o que for necessário para deixar os referidos equipamentos em perfeitas condições de uso e funcionamento. | T75: unid. | U75: 5 | V75: 1189.188 | W75: 5945.94
A76: 05.29 | B76: Gás YH222A | C76: =VLOOKUP(A76,$P$3:$W$144, 8, FALSE) -> 251.61934 | K76: =(C76*100)/$C$128 -> 0.028302334 | M76: =K76+M75 -> 101.54282 | P76: 06.7 | Q76: MDF-Man-0059/17 | R76: Cotação GTE-MDF | S76: Revisão de motor elétrico trifasico, 6 CV, com montagem e desmontagem, enrolamento, remoção e execução de novo enrolamento (se necessário), de eixo, recuperação de carcaça (se necessário), substituição de componentes elétricos diversos, amortecedores anti-vibração, acessórios mecânicos, enfim tudo o que for necessário para deixar os referidos equipamentos em perfeitas condições de uso e funcionamento. | T76: unid. | U76: 2 | V76: 1025.596 | W76: 2051.192
A77: 07.37 | B77: Kit Flange de Corte | C77: =VLOOKUP(A77,$P$3:$W$144, 8, FALSE) -> 239.27097 | K77: =(C77*100)/$C$128 -> 0.026913381 | M77: =K77+M76 -> 101.56974 | P77: 06.8 | Q77: MDF-Man-0060/17 | R77: Cotação GTE-MDF | S77: Revisão de motor elétrico trifasico, 12,5 CV, com montagem e desmontagem, enrolamento, remoção e execução de novo enrolamento (se necessário), de eixo, recuperação de carcaça (se necessário), substituição de componentes elétricos diversos, amortecedores anti-vibração, acessórios mecânicos, enfim tudo o que for necessário para deixar os referidos equipamentos em perfeitas condições de uso e funcionamento. | T77: unid. | U77: 2 | V77: 1566.708 | W77: 3133.416
A78: 07.4 | B78: Capacitor Eletrolítico 347MF | C78: =VLOOKUP(A78,$P$3:$W$144, 8, FALSE) -> 230.06956 | K78: =(C78*100)/$C$128 -> 0.025878399 | M78: =K78+M77 -> 101.59561 | P78: 06.9 | Q78: MDF-Man-0061/17 | R78: Cotação GTE-MDF | S78: Revisão de conjunto motobomba de água gelada, com motor elétrico, trifasica, marcas KSB e GLASS, 5,0 CV, incluindo carga, descarga e transporte, limpeza geral, revisão mecânica, remoção e execução de novo enrolamento (se necessário), substituição de componentes elétricos diversos, amortecedores anti-vibração, acessórios mecânicos, enfim tudo o que for necessário para deixar os referidos equipamentos em perfeitas condições de uso e funcionamento. | T78: unid. | U78: 3 | V78: 1214.356 | W78: 3643.068
A79: 05.22 | B79: Fita Isolante 3M ou Equivante Técnico | C79: =VLOOKUP(A79,$P$3:$W$144, 8, FALSE) -> 227.18485 | K79: =(C79*100)/$C$128 -> 0.025553925 | M79: =K79+M78 -> 101.62117 | P79: 06.10 | Q79: MDF-Man-0062/17 | R79: Cotação GTE-MDF | S79: Revisão de conjunto motobomba de água gelada, com motor elétrico, trifasica, marcas KSB e GLASS, 6,0 CV, incluindo carga, descarga e transporte, limpeza geral, revisão mecânica, remoção e execução de novo enrolamento (se necessário), substituição de componentes elétricos diversos, amortecedores anti-vibração, acessórios mecânicos, enfim tudo o que for necessário para deixar os referidos equipamentos em perfeitas condições de uso e funcionamento. | T79: unid. | U79: 2 | V79: 1277.276 | W79: 2554.552
A80: 07.13 | B80: Conj. Astop com Tomada 2P+TE Disjuntor de 32 Amperes | C80: =VLOOKUP(A80,$P$3:$W$144, 8, FALSE) -> 218.23428 | K80: =(C80*100)/$C$128 -> 0.024547158 | M80: =K80+M79 -> 101.64571 | P80: 06.11 | Q80: MDF-Man-0063/17 | R80: Cotação GTE-MDF | S80: Revisão de conjunto motobomba de água gelada, com motor elétrico, trifasica, marcas KSB e GLASS, 12,5 CV, incluindo carga, descarga e transporte, limpeza geral, revisão mecânica, remoção e execução de novo enrolamento (se necessário), substituição de componentes elétricos diversos, amortecedores anti-vibração, acessórios mecânicos, enfim tudo o que for necessário para deixar os referidos equipamentos em perfeitas condições de uso e funcionamento. | T80: unid. | U80: 4 | V80: 2007.148 | W80: 8028.592
A81: 07.42 | B81: Manômetro, 63mm, Alta, 1/8" NPT | C81: =VLOOKUP(A81,$P$3:$W$144, 8, FALSE) -> 199.535 | K81: =(C81*100)/$C$128 -> 0.022443849 | M81: =K81+M80 -> 101.66816 | P81: 06.12 | Q81: MDF-Man-0064/17 | R81: Cotação GTE-MDF | S81: Revisão de Motor Elétrico Trifasico, 0,33 HP até 1,4 HP, com Montagem e Desmontagem, Enrolamento, Remoção e Execução de novo Enrolamento (se necessário), de eixo, recuperação de carcaça (se necessário), substituição de Componentes elétricos diversos, amortecedores anti-vibração, Acessórios Mecânicos, enfim tudo o que for Necessário para deixar os Referidos Equipamentos em Perfeitas Condições de uso e Funcionamento. | T81: unid. | U81: 10 | V81: 585.156 | W81: 5851.56
A82: 07.47 | B82: Rele Voltimetrico monofásico | C82: =VLOOKUP(A82,$P$3:$W$144, 8, FALSE) -> 182.432 | K82: =(C82*100)/$C$128 -> 0.02052009 | M82: =K82+M81 -> 101.68868 | S82: Total do Item 06 (Para 12 Meses) | W82: 68186.03
A83: 07.19 | B83: Correia BXS 40 Goodyear ou Equivalente Técnico | C83: =VLOOKUP(A83,$P$3:$W$144, 8, FALSE) -> 176.50296 | K83: =(C83*100)/$C$128 -> 0.019853187 | M83: =K83+M82 -> 101.70853 | P83: 07 | Q83: FORNECIMENTO DE PEÇAS E EQUIPAMENTOS, SOB DEMANDA (MANUTENÇÃO PREVENTIVA E CORRETIVA)
A84: 07.17 | B84: Correia BX 42 Goodyear ou Equivalente Técnico | C84: =VLOOKUP(A84,$P$3:$W$144, 8, FALSE) -> 167.19893 | K84: =(C84*100)/$C$128 -> 0.018806663 | M84: =K84+M83 -> 101.72734 | P84: 07.1 | Q84: MDF-Man-0065/17 | R84: Cotação GTE-MDF | S84: Capacitor de 20MF | T84: unid. | U84: 6 | V84: 18.47124 | W84: 110.82744
A85: 07.15 | B85: Correia B 63 Goodyear ou Equivalente Técnico | C85: =VLOOKUP(A85,$P$3:$W$144, 8, FALSE) -> 159.39996 | K85: =(C85*100)/$C$128 -> 0.017929429 | M85: =K85+M84 -> 101.74527 | P85: 07.2 | Q85: MDF-Man-0066/17 | R85: Cotação GTE-MDF | S85: Capacitor de 25MF | T85: unid. | U85: 6 | V85: 18.687878 | W85: 112.12727
A86: 07.16 | B86: Correia B 42 Goodyear ou Equivalente Técnico | C86: =VLOOKUP(A86,$P$3:$W$144, 8, FALSE) -> 151.53258 | K86: =(C86*100)/$C$128 -> 0.0170445 | M86: =K86+M85 -> 101.76231 | P86: 07.3 | Q86: MDF-Man-0067/17 | R86: Cotação GTE-MDF | S86: Capacitor de 30MF | T86: unid. | U86: 6 | V86: 20.329766 | W86: 121.9786
A87: 07.18 | B87: Correia B 52 Goodyear ou Equivalente Técnico | C87: =VLOOKUP(A87,$P$3:$W$144, 8, FALSE) -> 150.43799 | K87: =(C87*100)/$C$128 -> 0.016921379 | M87: =K87+M86 -> 101.77923 | P87: 07.4 | Q87: MDF-Man-0068/17 | R87: Cotação GTE-MDF | S87: Capacitor Eletrolítico 347MF | T87: unid | U87: 6 | V87: 38.344926 | W87: 230.06956
A88: 07.14 | B88: Correia B 48 Goodyear ou Equivalente Técnico | C88: =VLOOKUP(A88,$P$3:$W$144, 8, FALSE) -> 145.17026 | K88: =(C88*100)/$C$128 -> 0.016328862 | M88: =K88+M87 -> 101.79556 | P88: 07.5 | Q88: MDF-Man-0069/17 | R88: Cotação GTE-MDF | S88: Capacitor Eletrolítico 5MF | T88: unid | U88: 6 | V88: 10.797694 | W88: 64.786164
A89: 05.20 | B89: Fita de Alta Fusão 3M ou Equivalente Técnico | C89: =VLOOKUP(A89,$P$3:$W$144, 8, FALSE) -> 142.12593 | K89: =(C89*100)/$C$128 -> 0.015986433 | M89: =K89+M88 -> 101.81155 | P89: 07.6 | Q89: MDF-Man-0070/17 | R89: Cotação GTE-MDF | S89: Compressor rotativo 220v ACJ 30000 BTUS | T89: um | U89: 10 | V89: 860.17828 | W89: 8601.7828
A90: 07.3 | B90: Capacitor de 30MF | C90: =VLOOKUP(A90,$P$3:$W$144, 8, FALSE) -> 121.9786 | K90: =(C90*100)/$C$128 -> 0.013720245 | M90: =K90+M89 -> 101.82527 | P90: 07.7 | Q90: MDF-Man-0071/17 | R90: Cotação GTE-MDF | S90: Compressor Hitachi 9.000 BTU'S 220v SPLIT | T90: unid. | U90: 3 | V90: 389.65195 | W90: 1168.9558
A91: 07.60 | B91: Válvula de refrigeração, Latão 1/4" Shrader ou Similar | C91: =VLOOKUP(A91,$P$3:$W$144, 8, FALSE) -> 112.65176 | K91: =(C91*100)/$C$128 -> 0.012671156 | M91: =K91+M90 -> 101.83794 | P91: 07.8 | Q91: MDF-Man-0072/17 | R91: Cotação GTE-MDF | S91: Compressor para Ar Condicionado 7500 BTUS | T91: unid. | U91: 3 | V91: 364.2939 | W91: 1092.8817
A92: 07.2 | B92: Capacitor de 25MF | C92: =VLOOKUP(A92,$P$3:$W$144, 8, FALSE) -> 112.12727 | K92: =(C92*100)/$C$128 -> 0.01261216 | M92: =K92+M91 -> 101.85055 | P92: 07.9 | Q92: MDF-Man-0073/17 | R92: Cotação GTE-MDF | S92: Compressor rotativo 220v ACJ 12.000 BTUS | T92: unid | U92: 3 | V92: 779.14427 | W92: 2337.4328
A93: 07.1 | B93: Capacitor de 20MF | C93: =VLOOKUP(A93,$P$3:$W$144, 8, FALSE) -> 110.82744 | K93: =(C93*100)/$C$128 -> 0.012465955 | M93: =K93+M92 -> 101.86302 | P93: 07.10 | Q93: MDF-Man-0074/17 | R93: Concor. Nº. 01/2016-TCDF | S93: Compressor rotativo 220v ACJ 18.000 BTUS | T93: unid | U93: 6 | V93: 682.4097 | W93: 4094.4582
A94: 07.61 | B94: Válvula Tanque 1/4" SAE X 1/4" NPT | C94: =VLOOKUP(A94,$P$3:$W$144, 8, FALSE) -> 102.618 | K94: =(C94*100)/$C$128 -> 0.011542551 | M94: =K94+M93 -> 101.87456 | P94: 07.11 | Q94: MDF-Man-0075/17 | R94: Cotação GTE-MDF | S94: Compressor Rotativo 24.000 BTUS/H 220V | T94: unid | U94: 6 | V94: 853.72475 | W94: 5122.3485
A95: 01.1.2 | B95: Taxa Anotação de Responsabilidade Técnica do Engenheiro - ART CREA / DF | C95: =VLOOKUP(A95,$P$3:$W$144, 8, FALSE) -> 102.59735 | K95: =(C95*100)/$C$128 -> 0.011540228 | M95: =K95+M94 -> 101.8861 | P95: 07.12 | Q95: MDF-Man-0076/17 | R95: Cotação GTE-MDF | S95: Conj. Astop com Tomada 2P+TE Disjuntor de 20 Amperes | T95: unid. | U95: 15 | V95: 36.189948 | W95: 542.84922
... A121: 07.40 | B121: Luva Tubo de Cobre Flexível 5/8" | C121: =VLOOKUP(A121,$P$3:$W$144, 8, FALSE) -> 9.91974 | K121: =(C121*100)/$C$128 -> 0.0011157799 | M121: =K121+M120 -> 102.00676 | P121: 07.38 | Q121: MDF-Man-0102/17 | R121: Concor. Nº. 01/2016-TCDF | S121: Luva Tubo de Cobre Flexível 1/2" | T121: unid. | U121: 5 | V121: 1.19721 | W121: 5.98605
A122: 07.35 | B122: Joelho para Tubo de cobre Flexível 3/8" 90º | C122: =VLOOKUP(A122,$P$3:$W$144, 8, FALSE) -> 6.2711 | F122: 34783 | I122: =L122&"/15" -> MDF-Man-0015/15 | K122: =(C122*100)/$C$128 -> 0.0007053781 | L122: MDF-Man-0015 | M122: =K122+M121 -> 102.00746 | P122: 07.39 | Q122: MDF-Man-0103/17 | R122: Concor. Nº. 01/2016-TCDF | S122: Luva Tubo de Cobre Flexível 3/8" | T122: unid. | U122: 5 | V122: 0.85515 | W122: 4.27575
A123: 07.38 | B123: Luva Tubo de Cobre Flexível 1/2" | C123: =VLOOKUP(A123,$P$3:$W$144, 8, FALSE) -> 5.98605 | I123: =L123&"/15" -> /15 | K123: =(C123*100)/$C$128 -> 0.00067331546 | M123: =K123+M122 -> 102.00814 | P123: 07.40 | Q123: MDF-Man-0104/17 | R123: Concor. Nº. 01/2016-TCDF | S123: Luva Tubo de Cobre Flexível 5/8" | T123: unid. | U123: 5 | V123: 1.983948 | W123: 9.91974
A124: 07.39 | B124: Luva Tubo de Cobre Flexível 3/8" | C124: =VLOOKUP(A124,$P$3:$W$144, 8, FALSE) -> 4.27575 | I124: =L124&"/15" -> /15 | K124: =(C124*100)/$C$128 -> 0.00048093961 | M124: =K124+M123 -> 102.00862 | P124: 07.41 | Q124: MDF-Man-0105/17 | R124: Cotação GTE-MDF | S124: Manômetro Manifull P/R-22 Imperial ou similar | T124: unid. | U124: 1 | V124: 302.49506 | W124: 302.49506
A125: 07.33 | B125: Joelhor PVC, Soldável, 90 Graus, 25mm, Para Água Fria Predial | C125: =VLOOKUP(A125,$P$3:$W$144, 8, FALSE) -> 3.36359 | I125: =L125&"/15" -> /15 | K125: =(C125*100)/$C$128 -> 0.00037833916 | M125: =K125+M124 -> 102.009 | P125: 07.42 | Q125: MDF-Man-0106/17 | R125: Cotação GTE-MDF | S125: Manômetro, 63mm, Alta, 1/8" NPT | T125: unid. | U125: 5 | V125: 39.907 | W125: 199.535
A126: 02.1.2 | B126: Rateio Estimado Água Potável / Esgoto Escritório Central + Frentes de Srviços (19,50m³ + Taxa Esgoto) / Mês (A ser Reembolsado pela CONTRATADA) | C126: =VLOOKUP(A126,$P$3:$W$144, 8, FALSE) -> -4900.8 | K126: =(C126*100)/$C$128 -> -0.55124571 | M126: =K126+M125 -> 101.45775 | P126: 07.43 | Q126: MDF-Man-0107/17 | R126: Cotação GTE-MDF | S126: Manta Filtrante para ar 06mm F-150 | T126: m | U126: 30 | V126: 17.866934 | W126: 536.00802
A127: 02.1.1 | B127: Rateio Estimado Energia Elétrica Escritório Central + Frentes de Serviços (2.000 kWh / Mês)(A ser Reembolsado pela CONTRATADA) | C127: =VLOOKUP(A127,$P$3:$W$144, 8, FALSE) -> -12960 | K127: =(C127*100)/$C$128 -> -1.4577507 | M127: =K127+M126 -> 100 | P127: 07.44 | Q127: MDF-Man-0108/17 | R127: Cotação GTE-MDF | S127: Motor Ventilador para Ar Condicionado - 18000 BTUS | T127: unid | U127: 5 | V127: 250.844 | W127: 1254.22
B128: TOTAL | C128: =SUM(C3:C127) -> 889040.93 | K128: =SUM(K3:K127) -> 100 | P128: 07.45 | Q128: MDF-Man-0109/17 | R128: Cotação GTE-MDF | S128: Motor Ventilador para Ar Condicionado - 30000 BTUS | T128: unid | U128: 5 | V128: 342.06 | W128: 1710.3
I129: =L129&"/15" -> /15 | P129: 07.46 | Q129: MDF-Man-0110/17 | R129: Cotação GTE-MDF | S129: Núcleo, Filtro, Sucção 48F, DCR | T129: unid. | U129: 8 | V129: 118.19313 | W129: 945.54506
I130: =L130&"/15" -> /15 | P130: 07.47 | Q130: MDF-Man-0111/17 | R130: Cotação GTE-MDF | S130: Rele Voltimetrico monofásico | T130: unid | U130: 4 | V130: 45.608 | W130: 182.432
D131: =#REF!+#REF!+#REF!+#REF!+#REF!+#REF!+#REF!+#REF!+#REF!+#REF!+#REF!+#REF!+#REF!+#REF!+#REF!+#REF!+#REF!+#REF!+#REF!+#REF!+#REF!+#REF!+#REF!+#REF!+#REF!+#REF!+#REF!+#REF! -> #REF! | I131: =L131&"/15" -> /15 | P131: 07.48 | Q131: MDF-Man-0112/17 | R131: Cotação GTE-MDF | S131: Termostato Mod. 423030 SPRINGER RC 80810-2 | T131: unid | U131: 5 | V131: 114.02 | W131: 570.1
I132: =L132&"/15" -> /15 | P132: 07.49 | Q132: MDF-Man-0113/17 | R132: Cotação GTE-MDF | S132: Termostato para ACJ 18000 BTUS SPRINGER | T132: unid | U132: 10 | V132: 114.02 | W132: 1140.2
I133: =L133&"/15" -> /15 | P133: 07.50 | Q133: MDF-Man-0114/17 | R133: Concor. Nº. 01/2016-TCDF | S133: Tubo de Cobre 1/2" | T133: m | U133: 15 | V133: 42.255812 | W133: 633.83718
I134: =L134&"/15" -> /15 | P134: 07.51 | Q134: MDF-Man-0115/17 | R134: Concor. Nº. 01/2016-TCDF | S134: Tubo de Cobre 1/4" | T134: m | U134: 15 | V134: 42.35843 | W134: 635.37645
I135: =L135&"/15" -> /15 | P135: 07.52 | Q135: MDF-Man-0116/17 | R135: Concor. Nº. 01/2016-TCDF | S135: Tubo de Cobre 3/8" Flexível | T135: m | U135: 15 | V135: 42.255812 | W135: 633.83718
P136: 07.53 | Q136: MDF-Man-0117/17 | R136: Concor. Nº. 01/2016-TCDF | S136: Tubo de Cobre 5/8" Flexível | T136: m | U136: 15 | V136: 42.575068 | W136: 638.62602
P137: 07.54 | Q137: MDF-Man-0118/17 | R137: Concor. Nº. 01/2016-TCDF | S137: Tubo de Cobre Diâmetro 1/2" | T137: m | U137: 15 | V137: 42.255812 | W137: 633.83718
P138: 07.55 | Q138: MDF-Man-0119/17 | R138: Cotação GTE-MDF | S138: Tubo de Cobre DN 1/4" | T138: m | U138: 15 | V138: 54.250716 | W138: 813.76074
P139: 07.56 | Q139: MDF-Man-0120/17 | R139: Cotação GTE-MDF | S139: Tubo de Cobre DN 5/8" (KG) | T139: m | U139: 15 | V139: 55.24269 | W139: 828.64035
P140: 07.57 | Q140: MDF-Man-0121/17 | R140: Cotação GTE-MDF | S140: Tubo Isolante 1.1/8 Cinza Plipex Barra 2 | T140: m | U140: 15 | V140: 4.321358 | W140: 64.82037
P141: 07.58 | Q141: MDF-Man-0122/17 | R141: Cotação GTE-MDF | S141: Turbina para ACJ 18000 BTUS MUNDIAL | T141: unid | U141: 5 | V141: 91.216 | W141: 456.08
P142: 07.59 | Q142: MDF-Man-0123/17 | R142: Cotação GTE-MDF | S142: Turbina Plástica para SPLIT 18000 BTUS HIWALL | T142: unid | U142: 3 | V142: 91.216 | W142: 273.648
P143: 07.60 | Q143: MDF-Man-0124/17 | R143: Cotação GTE-MDF | S143: Válvula de refrigeração, Latão 1/4" Shrader ou Similar | T143: unid | U143: 20 | V143: 5.632588 | W143: 112.65176
P144: 07.61 | Q144: MDF-Man-0125/17 | R144: Cotação GTE-MDF | S144: Válvula Tanque 1/4" SAE X 1/4" NPT | T144: unid | U144: 5 | V144: 20.5236 | W144: 102.618
S145: Total do Item 07 (Para 12 Meses) | W145: 42495.334

Sheet ANEXO VII - Cronograma
A2: CRONOGRAMA FÍSICO-FINANCEIRO PRELIMINAR (ESTIMADO)
C3: PROPRIETÁRIO: COMPANHIA DO METROPOLITANO DO DISTRITO FEDERAL - METRÔ / DF | L3: REFERÊNCIA DOS PREÇOS: SINAPI - CEF E TABELA DE CUSTOS DE SERVIÇOS DE MANUTENÇÃO DO SISTEMA DE CLIMATIZAÇÃO - TCPO 14 EDITORA PINI. | Q3: FL.: 01 / 01
C4: SERVIÇOS: MANUTENÇÃO PREVENTIVA E CORRETIVA DO SISTEMA DE AR CONDICIONADO DO METRÔ-DF. | J4: DATA-BASE PREÇOS: JNEIRO. / 2017 | Q4: REF.:AGOSTO /2016
C5: VALOR ESTIMADO DOS SERVIÇOS: | F5: LOCAL SERVIÇOS.: TODAS ESTAÇÕES, TORRES E EDIFICAÇÕES EXISTENTES NO COMPLEXO ADMINISTRATIVO E OPERACIONAL DO METRÔ-DF, | J5: BDI / LDI: 25,84% (Incluso) | L5: LEIS SOCIAIS PONDERADAS DIURNO E NOTURNO/COMPLEMENTARES: COMPUTADO NOS CÁLCULOS ADICIONAL NOTURNO, ENCARGOS SOBRE HORAS EXTRAS / HORÁRIOS RESTRITOS E ENCARGOS COMPLEMENTARES POR CARGO / FUNÇÃO.
C6: =E30 -> 889040.93
A7: ITEM | B7: DISCRIMINAÇÃO DO SERVIÇO | C7: % ITEM | D7: % DO ITEM ACUMULADO | E7: T0TAL DO ITEM | F7: 1º Mês | G7: 2º Mês | H7: 3º Mês | I7: 4º Mês | J7: 5º Mês | K7: 6º Mês | L7: 7º Mês | M7: 8º Mês | N7: 9º Mês | O7: 10º Mês | P7: 11º Mês | Q7: 12º Mês
F8: 1 a 30 dias | G8: 31 a 60 dias | H8: 61 a 90 dias | I8: 91 a 120 dias | J8: 121 a 150 dias | K8: 151 a 180 dias | L8: 181 a 210 dias | M8: 211 a 240 dias | N8: 241 a 270 dias | O8: 271 a 300 dias | P8: 301 a 330 dias | Q8: 331 a 360dias
A9: 01 | B9: PRELIMINARES (MANUTENÇÃO PREVENTIVA / CORRETIVA) | C9: =E9/E30 -> 0.00041947095 | D9: 0.0015 | E9: ='ANEXO V- Planilha Orçamentária'!H13 -> 372.92684 | F9: 0.09 | G9: 0.085 | H9: 0.085 | I9: 0.085 | J9: 0.085 | K9: 0.085 | L9: 0.085 | M9: 0.085 | N9: 0.085 | O9: 0.085 | P9: 0.085 | Q9: 0.06
F11: =E9*F9 -> 33.563416 | G11: =G9*E9 -> 31.698781 | H11: =G9*E9 -> 31.698781 | I11: =I9*E9 -> 31.698781 | J11: =I9*E9 -> 31.698781 | K11: =K9*E9 -> 31.698781 | L11: =K9*E9 -> 31.698781 | M11: =M9*E9 -> 31.698781 | N11: =M9*E9 -> 31.698781 | O11: =O9*E9 -> 31.698781 | P11: =O9*E9 -> 31.698781 | Q11: =Q9*E9 -> 22.37561
A12: 02 | B12: IMPLANTAÇÃO / ADMINISTRAÇÃO (MAN. PREVENTIVA / CORRETIVA) | C12: =E12/E30 -> 0.076006492 | D12: =C12+D9 -> 0.077506492 | E12: ='ANEXO V- Planilha Orçamentária'!H22 -> 67572.882 | F12: 0.09 | G12: 0.085 | H12: 0.085 | I12: 0.085 | J12: 0.085 | K12: 0.085 | L12: 0.085 | M12: 0.085 | N12: 0.085 | O12: 0.085 | P12: 0.085 | Q12: 0.06
F14: =F12*E12 -> 6081.5594 | G14: =G12*E12 -> 5743.695 | H14: =G12*E12 -> 5743.695 | I14: =I12*E12 -> 5743.695 | J14: =I12*E12 -> 5743.695 | K14: =K12*E12 -> 5743.695 | L14: =K12*E12 -> 5743.695 | M14: =M12*E12 -> 5743.695 | N14: =M12*E12 -> 5743.695 | O14: =O12*E12 -> 5743.695 | P14: =O12*E12 -> 5743.695 | Q14: =Q12*E12 -> 4054.3729
A15: 03 | B15: EQUIPE MÍNIMA RESIDENTE P/ MANUTENÇÃO CORRETIVA (MENSALISTA) (HORÁRIO DE 08:00 ÀS 18:00): | C15: =E15/E30 -> 0.21811562 | D15: =C15+D12 -> 0.29562211 | E15: ='ANEXO V- Planilha Orçamentária'!H31 -> 193913.71 | F15: 0.0833 | G15: 0.0833 | H15: 0.0833 | I15: 0.0833 | J15: 0.0833 | K15: 0.0833 | L15: 0.0833 | M15: 0.0833 | N15: 0.0834 | O15: 0.0834 | P15: 0.0834 | Q15: 0.0834
F17: =F15*E15 -> 16153.012 | G17: =G15*E15 -> 16153.012 | H17: =G15*E15 -> 16153.012 | I17: =I15*E15 -> 16153.012 | J17: =I15*E15 -> 16153.012 | K17: =K15*E15 -> 16153.012 | L17: =K15*E15 -> 16153.012 | M17: =M15*E15 -> 16153.012 | N17: =N15*E15 -> 16172.403 | O17: =O15*E15 -> 16172.403 | P17: =O15*E15 -> 16172.403 | Q17: =Q15*E15 -> 16172.403
A18: 04 | B18: EQUIPE MÍNIMA RESIDENTE P/ MANUTENÇÃO PREVENTIVA E CORRETIVA (MENSALISTA) (ESCALA 12 (DOZE) x 36 (TRINTA E SEIS) HORAS: | C18: =E18/E30 -> 0.5583404 | D18: =C18+D15 -> 0.8539625 | E18: ='ANEXO V- Planilha Orçamentária'!H37 -> 496387.46 | F18: 0.08 | G18: 0.09 | H18: 0.1 | I18: 0.09 | J18: 0.07 | K18: 0.07 | L18: 0.09 | M18: 0.08 | N18: 0.08 | O18: 0.1 | P18: 0.07 | Q18: 0.08
F20: =F18*E18 -> 39710.997 | G20: =G18*E18 -> 44674.872 | H20: =H18*E18 -> 49638.746 | I20: =I18*E18 -> 44674.872 | J20: =J18*E18 -> 34747.122 | K20: =K18*E18 -> 34747.122 | L20: =L18*E18 -> 44674.872 | M20: =M18*E18 -> 39710.997 | N20: =N18*E18 -> 39710.997 | O20: =O18*E18 -> 49638.746 | P20: =P18*E18 -> 34747.122 | Q20: =Q18*E18 -> 39710.997
A21: 05 | B21: SERVICOS EVENTUAIS SOB DEMANDA (MANUTENÇÃO CORRETIVA / PREVENTIVA) | C21: =E21/E30 -> 0.076696166 | D21: =C21+D18 -> 0.93065867 | E21: ='ANEXO V- Planilha Orçamentária'!H90 -> 68186.03 | F21: 0.09 | G21: 0.1 | H21: 0.08 | I21: 0.07 | J21: 0.08 | K21: 0.09 | L21: 0.08 | M21: 0.1 | N21: 0.08 | O21: 0.08 | P21: 0.08 | Q21: 0.07
F23: =F21*E21 -> 6136.7427 | G23: =G21*E21 -> 6818.603 | H23: =H21*E21 -> 5454.8824 | I23: =I21*E21 -> 4773.0221 | J23: =J21*E21 -> 5454.8824 | K23: =K21*E21 -> 6136.7427 | L23: =L21*E21 -> 5454.8824 | M23: =M21*E21 -> 6818.603 | N23: =N21*E21 -> 5454.8824 | O23: =O21*E21 -> 5454.8824 | P23: =P21*E21 -> 5454.8824 | Q23: =Q21*E21 -> 4773.0221
A24: 06 | B24: INSUMOS (MANUTENÇÃO PREVENTIVA E CORRETIVA) | C24: =E24/E30 -> 0.022622784 | D24: =C24+D21 -> 0.95328145 | E24: ='ANEXO V- Planilha Orçamentária'!H75 -> 20112.581 | F24: 0.1 | G24: 0.08 | H24: 0.09 | I24: 0.08 | J24: 0.07 | K24: 0.07 | L24: 0.08 | M24: 0.1 | N24: 0.08 | O24: 0.09 | P24: 0.08 | Q24: 0.08
F26: =F24*E24 -> 2011.2581 | G26: =G24*E24 -> 1609.0065 | H26: =H24*E24 -> 1810.1323 | I26: =I24*E24 -> 1609.0065 | J26: =J24*E24 -> 1407.8806 | K26: =K24*E24 -> 1407.8806 | L26: =L24*E24 -> 1609.0065 | M26: =M24*E24 -> 2011.2581 | N26: =N24*E24 -> 1609.0065 | O26: =O24*E24 -> 1810.1323 | P26: =P24*E24 -> 1609.0065 | Q26: =Q24*E24 -> 1609.0065
A27: 07 | B27: MATERIAIS CONSUMÍVEIS (MANUTENÇÃO PREVENTIVA E CORRETIVA) | C27: =E27/E30 -> 0.047799075 | D27: =C27+D24 -> 1.0010805 | E27: ='ANEXO V- Planilha Orçamentária'!H153 -> 42495.334 | F27: 0.08 | G27: 0.08 | H27: 0.09 | I27: 0.07 | J27: 0.09 | K27: 0.1 | L27: 0.09 | M27: 0.07 | N27: 0.08 | O27: 0.09 | P27: 0.07 | Q27: 0.09
F29: =F27*E27 -> 3399.6267 | G29: =G27*E27 -> 3399.6267 | H29: =H27*E27 -> 3824.58 | I29: =I27*E27 -> 2974.6734 | J29: =J27*E27 -> 3824.58 | K29: =K27*E27 -> 4249.5334 | L29: =L27*E27 -> 3824.58 | M29: =M27*E27 -> 2974.6734 | N29: =N27*E27 -> 3399.6267 | O29: =O27*E27 -> 3824.58 | P29: =P27*E27 -> 2974.6734 | Q29: =Q27*E27 -> 3824.58
A30: DESEMBOLSO MENSAL ESTIMADO (R$) | C30: - | D30: 1 | E30: =SUM(E9:E29) -> 889040.93 | F30: =F29+F26+F23+F20+F17+F14+F11 -> 73526.759 | G30: =SUM(G29,G26,G23,G20,G17,G14,G11) -> 78430.514 | H30: =SUM(H29,H26,H23,H20,H17,H14,H11) -> 82656.747 | I30: =SUM(I29,I26,I23,I20,I17,I14,I11) -> 75959.979 | J30: =SUM(J29,J26,J23,J20,J17,J14,J11) -> 67362.871 | K30: =SUM(K29,K26,K23,K20,K17,K14,K11) -> 68469.685 | L30: =SUM(L29,L26,L23,L20,L17,L14,L11) -> 77491.746 | M30: =SUM(M29,M26,M23,M20,M17,M14,M11) -> 73443.937 | N30: =SUM(N29,N26,N23,N20,N17,N14,N11) -> 72122.31 | ... Q30: =SUM(Q29,Q26,Q23,Q20,Q17,Q14,Q11) -> 70166.758
A31: DESEMBOLSO ACUMULADO (R$) | F31: =F30 -> 73526.759 | G31: =F31+G30 -> 151957.27 | H31: =G31+H30 -> 234614.02 | I31: =H31+I30 -> 310574 | J31: =I31+J30 -> 377936.87 | K31: =J31+K30 -> 446406.56 | L31: =K31+L30 -> 523898.3 | M31: =L31+M30 -> 597342.24 | N31: =M31+N30 -> 669464.55 | ... Q31: =P31+Q30 -> 889040.93
A32: PERCENTAGEM MENSAL (%) | F32: =F30/E30 -> 0.082703458 | G32: =G30/E30 -> 0.088219239 | H32: =H30/E30 -> 0.092972938 | I32: =I30/E30 -> 0.085440363 | J32: =J30/E30 -> 0.07577027 | K32: =K30/E30 -> 0.077015223 | L32: =L30/E30 -> 0.087163306 | M32: =M30/E30 -> 0.0826103 | N32: =N30/E30 -> 0.081123723 | O32: =O30/E30 -> 0.092994749 | P32: =P30/E30 -> 0.075062328 | Q32: =Q30/E30 -> 0.078924103
A33: PERCENTAGEM MENSAL ACUMULADA (%) | F33: =F32 -> 0.082703458 | G33: =F33+G32 -> 0.1709227 | H33: =G33+H32 -> 0.26389563 | I33: =H33+I32 -> 0.349336 | J33: =I33+J32 -> 0.42510627 | K33: =J33+K32 -> 0.50212149 | L33: =K33+L32 -> 0.5892848 | M33: =L33+M32 -> 0.6718951 | N33: =M33+N32 -> 0.75301882 | ... Q33: =P33+Q32 -> 1

Sheet CPU_P.UNITARIO
A2: MDF-Man-0001/17 | B2: Taxa Registro Contrato Execução Serviços Manutenção Edificações CREA / DF - Valor > R$ 15.000,00 | C2: Data-Base: Jan./17 | E2: PREÇO: | F2: =F18 -> 270.32949
A3: REFERÊNCIA: | B3: Tabela CREA-DF | E3: UNIDADE: | F3: ='[1]Planilha Orçamentária'!E11 -> un
A4: MÃO DE OBRA:
A5: Referência | B5: Descrição | C5: Und. | D5: Coef. | E5: P. Unit. | F5: P. Total
D7: SUBTOTAL | F7: =SUM(F6:F6) -> 0
C8: ENC. SOCIAIS = | E8: 0 | F8: =F7*E8 -> 0
C9: TOTAL MÃO DE OBRA | F9: =F8+F7 -> 0
A10: MATERIAIS:
A11: Referência | B11: Descrição | C11: Und. | D11: Coef. | E11: P. Unit. | F11: P. Total
A12: Tab. CREA-DF | B12: Taxa referente ao registro de contrato objeto dos serviços de manutenção de edificações do METRÔ-DF, junto ao CREA-DF (Contrato de valor > R$ 15.000,00) | C12: un | D12: 1 | E12: 214.82 | F12: =E12*D12 -> 214.82
B14: NOTA: Data-base dos itens de Preços Unitários de Serviços, referente às CPUs de Codificações MDF - Man - 0001 / 16 à MDF - Man - 0125 / 16: Dezembro / 2016.
D15: TOTAL MATERIAIS | F15: =F12 -> 214.82
D16: Total do Custo
D17: BDI = | E17: 0.2584 | F17: =F15*E17 -> 55.509488
D18: TOTAL GERAL | F18: =F17+F15 -> 270.32949
A20: ='ANEXO V- Planilha Orçamentária'!B12 -> MDF-Man-0002/17 | B20: ='[1]Planilha Orçamentária'!D12 -> Taxa Anotação de Responsabilidade Técnica do Engenheiro - ART CREA / DF | C20: Data-Base: Jan./17 | E20: PREÇO: | F20: =F34 -> 102.59735
A21: REFERÊNCIA: | B21: Tabela CREA-DF | E21: UNIDADE: | F21: ='[1]Planilha Orçamentária'!E12 -> un
A22: MÃO DE OBRA:
A23: Referência | B23: Descrição | C23: Und. | D23: Coef. | E23: P. Unit. | F23: P. Total
F24: =E24*D24 -> 0
D25: SUBTOTAL | F25: =SUM(F24:F24) -> 0
C26: ENC. SOCIAIS = | E26: 0 | F26: =F25*E26 -> 0
C27: TOTAL MÃO DE OBRA | F27: =F26+F25 -> 0
A28: MATERIAIS:
A29: Referência | B29: Descrição | C29: Und. | D29: Coef. | E29: P. Unit. | F29: P. Total
A30: Tab. CREA-DF | B30: Taxa referente ao Registro de Anotação de Responsabilidade Técnica - ART junto ao CREA-DF objeto dos serviços de manutenção de edificações do METRÔ-DF | C30: un | D30: 1 | E30: 81.53 | F30: =E30*D30 -> 81.53
D31: TOTAL MATERIAIS | F31: =F30 -> 81.53
D32: Total do Custo | F32: =F31+F27 -> 81.53
D33: BDI = | E33: 0.2584 | F33: =F32*E33 -> 21.067352
D34: TOTAL GERAL | F34: =F33+F32 -> 102.59735
A37: ='ANEXO V- Planilha Orçamentária'!B16 -> MDF-Man-0003/17 | B37: Rateio de energia elétrica referente ao escritório central + frentes de serviços (3.750 kWh/mês) | C37: Data-Base: Jan./17 | E37: PREÇO: | F37: =F52-(G52*2) -> -1080
A38: REFERÊNCIA: | B38: 00014250 - SINAPI Adaptado | E38: UNIDADE: | F38: mês
A39: MÃO DE OBRA:
A40: Referência | B40: Descrição | C40: Und. | D40: Coef. | E40: P. Unit. | F40: P. Total
D42: SUBTOTAL | F42: =SUM(F41:F41) -> 0
C43: ENC. SOCIAIS = | E43: 0 | F43: =F42*E43 -> 0
C44: TOTAL MÃO DE OBRA | F44: =F43+F42 -> 0
A45: MATERIAIS:
A46: Referência | B46: Descrição | C46: Und. | D46: Coef. | E46: P. Unit. | F46: P. Total
A47: 00014250 - SINAPI | B47: Rateio de despesas com energia elétrica, referente aos consumos estimados no escritório central da futura Contratada (Complexo Administrativo e Operacional - CAO) + frentes de serviços de manutenção de edificações totalizando 3.750 kWh/mês (Código Insumos - 00014250 - SINAPI) | C47: kWh | D47: 2000 | E47: 0.54 | F47: =E47*D47 -> 1080
B48: NOTA: Valor mensal estimado a ser ressarcido ao METRÔ-DF pela futura Contratada R$1.840,41
D49: TOTAL MATERIAIS | F49: =SUM(F47:F48) -> 1080
D50: Total do Custo | F50: =F49+F44 -> 1080
D51: BDI = | E51: 0 | F51: =F50*E51 -> 0
D52: TOTAL GERAL | F52: =F51+F50 -> 1080 | G52: =F52 -> 1080
A54: ='ANEXO V- Planilha Orçamentária'!B17 -> MDF-Man-0004/17 | B54: Rateio de água potável/esgoto referente ao escritório central + frentes de serviços (300,00m³ + taxa de esgoto/mês) | C54: Data-Base: Jan./17 | E54: PREÇO: | F54: =F70-(2*G70) -> -408.4
A55: REFERÊNCIA: | B55: 00014583 - SINAPI Adaptado | E55: UNIDADE: | F55: mês
A56: MÃO DE OBRA:
A57: Referência | B57: Descrição | C57: Und. | D57: Coef. | E57: P. Unit. | F57: P. Total
D59: SUBTOTAL | F59: =SUM(F58:F58) -> 0
C60: ENC. SOCIAIS = | E60: 0 | F60: =F59*E60 -> 0
C61: TOTAL MÃO DE OBRA | F61: =F60+F59 -> 0
A62: MATERIAIS:
A63: Referência | B63: Descrição | C63: Und. | D63: Coef. | E63: P. Unit. | F63: P. Total
A64: 00014583 - SINAPI | B64: Rateio de despesas com água potável / esgotos referente aos consumos estimados no escritório central da futura Contratada (Complexo Administrativo e Operacional - CAO) + frentes de serviços de manutenção de edificações totalizando 300,00m³/mês (Código de Insumos 00014583 - SINAPI) | C64: m³ | D64: 20 | E64: 10.21 | F64: =E64*D64 -> 204.2
A65: CAESB / ANA | B65: Taxa referente a devolução da água servida à rede de esgoto da Concessionária (A tarifa de esgotos será calculada com base na cobrança de água, sistema convencional 100% - CAESB) | C65: Tx | D65: =D64 -> 20 | E65: =E64 -> 10.21 | F65: =E65*D65 -> 204.2
B66: NOTA: Valor mensal estimado a ser ressarcido ao METRÔ-DF pela futura Contratada R$1488,40
D67: TOTAL MATERIAIS | F67: =SUM(F64:F66) -> 408.4
D68: Total do Custo | F68: =F67+F61 -> 408.4
D69: BDI = | E69: 0 | F69: =F68*E69 -> 0
D70: TOTAL GERAL | F70: =F69+F68 -> 408.4 | G70: =F70 -> 408.4
A72: ='ANEXO V- Planilha Orçamentária'!B18 -> MDF-Man-0005/17 | B72: Telefone celular / Internet (P. Unitário p / 03 unidades) | C72: Data-Base: Jan./17 | E72: PREÇO: | F72: =F87 -> 943.8
A73: REFERÊNCIA: | B73: Histórico Contratos MDF | E73: UNIDADE: | F73: mês
A74: MÃO DE OBRA:
A75: Referência | B75: Descrição | C75: Und. | D75: Coef. | E75: P. Unit. | F75: P. Total
D77: SUBTOTAL | F77: =SUM(F76:F76) -> 0
C78: ENC. SOCIAIS = | E78: 0 | F78: =F77*E78 -> 0
C79: TOTAL MÃO DE OBRA | F79: =F78+F77 -> 0
A80: MATERIAIS:
A81: Referência | B81: Descrição | C81: Und. | D81: Coef. | E81: P. Unit. | F81: P. Total
A82: Histórico de Contratos Similares | B82: Valor estimado referente às despesas mensais com telefone / internet (03 unidades) (3x R$250,00 = R$ 750,00/mês) | C82: mês | D82: 3 | E82: 250 | F82: =E82*D82 -> 750
D84: TOTAL MATERIAIS | F84: =SUM(F82:F83) -> 750
D85: Total do Custo | F85: =F84+F79 -> 750
D86: BDI = | E86: 0.2584 | F86: =F85*E86 -> 193.8
D87: TOTAL GERAL | F87: =F86+F85 -> 943.8
A89: ='ANEXO V- Planilha Orçamentária'!B20 -> MDF-Man-0006/17 | B89: Veículo comercial leve (Pick-up) cap. carga 700kg - motor 1.0 flex. Pot. 72 / 76CV (inc. manutenção mecânica / operação, exceto combustível) | C89: Data-Base: Jan./17 | E89: PREÇO: | F89: =F103 -> 4360.356
A90: REFERÊNCIA: | B90: 00001160 - SINAPI Adaptado | E90: UNIDADE: | F90: mês
A91: MÃO DE OBRA:
A92: Referência | B92: Descrição | C92: Und. | D92: Coef. | E92: P. Unit. | F92: P. Total
D94: SUBTOTAL | F94: =SUM(F93:F93) -> 0
C95: ENC. SOCIAIS = | E95: 0 | F95: =F94*E95 -> 0
C96: TOTAL MÃO DE OBRA | F96: =F95+F94 -> 0
A97: EQUIPAMENTOS:
A98: Referência | B98: Descrição | C98: Und. | D98: Coef. | E98: P. Unit. | F98: P. Total
A99: 00001160 - SINAPI Adaptado | B99: Veículo comercial leve (pick-up) c/ capacidade de carga de 700kg - motor 1.0 flex, Pot. 72 / 76CV(incluindo manutenção mecânica / operação, exceto combustível) (220,00 h x R$8,53 / h) (locação mensal) - 00001160 SINAPI | C99: mês | D99: 220 | E99: 15.75 | F99: =E99*D99 -> 3465
D100: TOTAL EQUIP. | F100: =SUM(F99:F99) -> 3465
D101: Total do Custo | F101: =F100+F96 -> 3465
D102: BDI = | E102: 0.2584 | F102: =F101*E102 -> 895.356
D103: TOTAL GERAL | F103: =F102+F101 -> 4360.356
A105: ='ANEXO V- Planilha Orçamentária'!B21 -> MDF-Man-0007/17 | B105: Combustível / gasolina comum ou equivalente | C105: Data-Base: Jan./17 | E105: PREÇO: | F105: =F119 -> 1815.3175
A106: REFERÊNCIA: | B106: 00004222 - SINAPI Adaptado | E106: UNIDADE: | F106: mês
A107: MÃO DE OBRA:
A108: Referência | B108: Descrição | C108: Und. | D108: Coef. | E108: P. Unit. | F108: P. Total
D110: SUBTOTAL | F110: =SUM(F109:F109) -> 0
C111: ENC. SOCIAIS = | E111: 0 | F111: =F110*E111 -> 0
C112: TOTAL MÃO DE OBRA | F112: =F111+F110 -> 0
A113: MATERIAIS:
A114: Referência | B114: Descrição | C114: Und. | D114: Coef. | E114: P. Unit. | F114: P. Total
A115: 00004222 - SINAPI | B115: Combustível / gasolina comum ou equivalente (45,00 Litros / semana / veículo ou 196,00 Litros / mês / Veículo (196,00 Litros / veículo X 02 veículos =392,00 litros / mês)(00004222 - SINAPI) | C115: mês | D115: 392 | E115: 3.68 | F115: =E115*D115 -> 1442.56
D116: TOTAL MATERIAIS | F116: =SUM(F115:F115) -> 1442.56
...

Sheet VIII - ENC.POR CARGO. FUNÇÃO
J3: ENCARGOS SOCIAIS | M3: TOTAL DE ENCARGOS (%) | P3: SALÁRIO TOTAL POR HORA (R$)
A4: CÓDIGOS | B4: DISCRIMINAÇÃO CARGO/FUNÇÃO | C4: UN | D4: SALÁRIO C/ ENC. SOCIAIS 85,20% | E4: PISO SALARIAL (R$) | F4: ADICIONAL. DE INSALUBRIDADE (20,00% DE R$937,00) | G4: PISO SALARIAL COM AD. DE INSALUBRIDADE INCLUSO (R$) | H4: CÓDIGOS- ENC. COMPLEMENTARES SINAPI | I4: ENCARGOS SOCIAIS COMP.- SINAPI | J4: ENC. SOCIAIS MENSALISTA ESCALA 12X36 (1º TURNO - DIURNO) | K4: ENC. SOCIAIS MENSALISTA ESCALA 12X36 (2º TURNO - NOTURNO) | L4: ENC. SOCIAIS EXPEDIENTE MENSALISTA SEMANAL 44,00 HORAS5 | M4: TOTAL DE ENC. SOCIAIS MENSALISTA 12 X 36 (1º TURNO DIURNO) | N4: TOTAL ENC. SOCIAIS MENSALISTA 12 X 36 (2º TURNO NOTURNO) | O4: TOTAL ENC. SOCIAIS MENSALISTA EXPEDIENTE SEMANAL 44,00 HORAS5 | P4: PREÇO UNIT. INC. ENCARGOS MENSALISTA 12 X 36 (1º TURNO DIURNO) | Q4: PREÇO UNIT. INC. MENSALISTA 12 X 36 (2º TURNO NOTURNO) | R4: PREÇO UNIT. INC. ENCARGOS SOCIAIS- MENSALISTA EXPEDIENTE SEMANAL 44,00 HORAS5
A5: 00034780 ¹ | B5: Engenheiro Mecânico Pleno (20 Horas Mensais) | C5: h | D5: 79.58 | E5: =D5/1.852 -> 42.969762 | F5: 0.85 | G5: =E5+F5 -> 43.819762 | H5: 90778 | I5: 0.0057 | L5: 1.1668 | O5: =I5+L5 -> 1.1725 | R5: =G5+(G5*O5) -> 95.198434
A6: SINTEC-DF CCT 2016/2018 | B6: Auxiliar Administrativo (08:00 ás 18:00) | C6: h | E6: =1124.23/220 -> 5.1101364 | F6: 0 | G6: =E6+F6 -> 5.1101364 | H6: 90772 | I6: 0.2071 | L6: 0.4952 | O6: =I6+L6 -> 0.7023 | R6: =G6+(G6*O6) -> 8.6989851
A7: 00002436 | B7: Eletricista p/ Manutenção (08:00 às 18:00) | C7: h | D7: 12.77 | E7: =D7/1.852 -> 6.8952484 | F7: 0.85 | G7: =E7+F7 -> 7.7452484 | H7: 88264 | I7: 0.2545 | L7: 0.4952 | O7: =I7+L7 -> 0.7497 | R7: =G7+(G7*O7) -> 13.551861
A8: 00034794 | B8: Mecânico de Refrigeração (08:00 às 18:00) | C8: h | D8: 12.35 | E8: =D8/1.852 -> 6.6684665 | F8: 0.85 | G8: =E8+F8 -> 7.5184665 | H8: 88297 | I8: 0.2609 | L8: 0.4952 | O8: =I8+L8 -> 0.7561 | R8: =G8+(G8*O8) -> 13.203179
A9: SINTEC-DF ACT 2016/2018 | B9: Auxiliar Técnico (08:00 às 18:00) | C9: h | E9: 5.11 | F9: 0.85 | G9: =E9+F9 -> 5.96 | H9: 88241 | I9: 0.3256 | L9: 0.4952 | O9: =I9+L9 -> 0.8208 | R9: =G9+(G9*O9) -> 10.851968
A10: SINTEC-DF CCT 2016/2018 | B10: Técnico em Refrigeração - 1º Turno Diurno (12 x 36 Horas) | C10: h | E10: =2342.15/220 -> 10.646136 | F10: 0.85 | G10: =E10+F10 -> 11.496136 | H10: 88321 | I10: 0.1796 | J10: 0.5997 | M10: =J10+I10 -> 0.7793 | P10: =G10+(G10*M10) -> 20.455075
A11: SINTEC-DF CCT 2016/2018 | B11: Auxiliar Técnico - 1º Turno Diurno - (12 x 36 Horas) | C11: h | E11: =1124.23/220 -> 5.1101364 | F11: 0.85 | G11: =E11+F11 -> 5.9601364 | H11: 88241 | I11: 0.3256 | J11: 0.5997 | M11: =I11+J11 -> 0.9253 | P11: =G11+(G11*M11) -> 11.475051
A12: SINTEC-DF ACT 2016/2018 | B12: Técnico em Refrigeração - 2º Turno Noturno (12 x 36 Horas) | C12: h | E12: =2342.15/220 -> 10.646136 | F12: 0.85 | G12: =E12+F12 -> 11.496136 | H12: 88321 | I12: 0.1796 | K12: 1.0649 | N12: =I12+K12 -> 1.2445 | Q12: =G12+(G12*N12) -> 25.803078
A13: SINTEC-DF ACT 2016/2018 | B13: Auxiliar Técnico - 2º Turno Noturno - (12 x 36 Horas) | C13: h | E13: =1124.23/220 -> 5.1101364 | F13: 0.85 | G13: =E13+F13 -> 5.9601364 | H13: 88241 | I13: 0.3256 | K13: 1.0649 | N13: =I13+K13 -> 1.3905 | Q13: =G13+(G13*N13) -> 14.247706
A15: NOTAS
A16: 01 - Cargos com salário base adaptado/recalculado, pelo GTE-MDF (Grupo de Trabalho Especial, METRÔ-DF), para cargo/função que não constam nos Sistemas SINIPI, PINI e SICRO2; 02 - Os percentuais adotados para Encargos Complementares - GRUPO E, por Cargo / Função, extraidos de Planilha SINAPI - CEF; 03 - Encargos Sociais COM DESONERAÇÃO,calculados sobre as horas normais, com base Planilha SINAPI - CEF, com vigência a partir de março / 2016: Horistas = 85,20% e Mensalistas = 49,52%; 04 - Adicional de Insalubridade (Súmula Vinculante nº 04-STF)= 20% do Salário mínimo vigente em 2017 (R$ 937,00 / Mês) = R$ 187,40 / Mês ou R$ 0,85 / hora; 05 - Para o cargo de Engenheiro Mêcanica foi adotado o expediente de 05,00 (cinco) horas Semanais.

Sheet Encargos Complementares
A6: SINAPI: JANEIRO/2017.
A7: LEGENDA - ORIG. PREÇO:
A8: L| C - COLETADO
A9: L| CR - COEFICIENTE DE REPRESENTATIVIDADE
A12: 90778 ENGENHEIRO CIVIL DE OBRA PLENO COM ENCARGOS COMPLEMENTARES H
A13: DESCRIÇÃO | B13: UNIDADE | C13: ORIGEM DE PREÇO | D13: COEFICIENTE | E13: P. UNITÁTIO | F13: P. TOTAL
A14: LC 88237 EPI (ENCARGOS COMPLEMENTARES) | B14: H | C14: CR | D14: 0.05 | E14: 0.89 | F14: 0.0445
A15: LI 2707 ENGENHEIRO CIVIL DE OBRA PLENO | B15: H | C15: CR | D15: 1 | E15: 79.3 | F15: 79.3
A16: LI 37372 EXAMES (ENCARGOS COMPLEMENTARES) *COLETADO CAIXA* H C 1,0000000 0,18 0,18 | B16: H | C16: C | D16: 1 | E16: 0.34 | F16: 0.34
A17: LI 37373 SEGURO (ENCARGOS COMPLEMENTARES) *COLETADO CAIXA* | B17: H | C17: C | D17: 1 | E17: 0.07 | F17: 0.07
A18: MAO DE OBRA: | D18: 79.3 | E18: 99.430126 | F18: %
A19: MATERIAL: (PERCENTUAL ADOTADO PARA ENCARGOS COMPLEMENTARES) | D19: 0.4545 | E19: 0.5698738 | F19: %
A20: TOTAL COMPOSIÇÃO: | D20: 79.7545 | E20: 100 | F20: %
A22: 90772 AUXILIAR ADMINISTRATIVO COM ENCARGOS COMPLEMENTARES H
A23: DESCRIÇÃO | B23: UNIDADE | C23: ORIGEM DE PREÇO | D23: COEFICIENTE | E23: P. UNITÁTIO | F23: P. TOTAL
A24: LI 2350 AUXILIAR DE ESCRITORIO | B24: H | C24: CR | D24: 1 | E24: 11.18 | F24: 11.18
A25: LI 37370 ALIMENTACAO (ENCARGOS COMPLEMENTARES) *COLETADO CAIXA* | B25: H | C25: C | D25: 1 | E25: 1.62 | F25: 1.62
A26: LI 37371 TRANSPORTE (ENCARGOS COMPLEMENTARES) *COLETADO CAIXA* | B26: H | C26: C | D26: 1 | E26: 0.89 | F26: 0.89
A27: LI 37372 EXAMES (ENCARGOS COMPLEMENTARES) *COLETADO CAIXA* | B27: H | C27: C | D27: 1 | E27: 0.34 | F27: 0.34
A28: LI 37373 SEGURO (ENCARGOS COMPLEMENTARES) *COLETADO CAIXA* H C 1,0000000 0,04 0,04 | B28: H | C28: C | D28: 1 | E28: 0.07 | F28: 0.07
A29: MAO DE OBRA : | D29: 11.18 | E29: 79.29078 | F29: %
A30: MATERIAL: (PERCENTUAL ADOTADO PARA ENCARGOS COMPLEMENTARES) | D30: 2.92 | E30: 20.70922 | F30: %
A31: TOTAL COMPOSIÇÃO : | D31: 14.1 | E31: 100 | F31: %
A34: 88264 ELETRICISTA COM ENCARGOS COMPLEMENTARES H
A35: DESCRIÇÃO | B35: UNIDADE | C35: ORIGEM DE PREÇO | D35: COEFICIENTE | E35: P. UNITÁTIO | F35: P. TOTAL
A36: LC 88236 FERRAMENTAS (ENCARGOS COMPLEMENTARES) | B36: H | C36: CR | D36: 1 | E36: 0.55 | F36: 0.55
A37: LC 88237 EPI (ENCARGOS COMPLEMENTARES) | B37: H | C37: CR | D37: 1 | E37: 0.89 | F37: 0.89
A38: LI 2436 ELETRICISTA | B38: H | C38: C | D38: 1 | E38: 12.77 | F38: 12.77
A39: LI 37370 ALIMENTACAO (ENCARGOS COMPLEMENTARES) *COLETADO CAIXA* | B39: H | C39: C | D39: 1 | E39: 1.62 | F39: 1.62
A40: LI 37371 TRANSPORTE (ENCARGOS COMPLEMENTARES) *COLETADO CAIXA* | B40: H | C40: C | D40: 1 | E40: 0.89 | F40: 0.89
A41: LI 37372 EXAMES (ENCARGOS COMPLEMENTARES) *COLETADO CAIXA* | B41: H | C41: C | D41: 1 | E41: 0.34 | F41: 0.34
A42: LI 37373 SEGURO (ENCARGOS COMPLEMENTARES) *COLETADO CAIXA* | B42: H | C42: C | D42: 1 | E42: 0.07 | F42: 0.07
A43: MAO DE OBRA: | D43: 12.77 | E43: 74.547577 | F43: %
A44: MATERIAL: (PERCENTUAL ADOTADO PARA ENCARGOS COMPLEMENTARES) | D44: 4.36 | E44: 25.452423 | F44: %
D45: 17.13 | E45: 100 | F45: %
A47: 88275 MECÃNICO DE REFRIGERAÇÃO (ADAPTADO)
A48: DESCRIÇÃO | B48: UNIDADE | C48: ORIGEM DE PREÇO | D48: COEFICIENTE | E48: P. UNITÁTIO | F48: P. TOTAL
A49: LC 88236 FERRAMENTAS (ENCARGOS COMPLEMENTARES) | B49: H | C49: CR | D49: 1 | E49: 0.55 | F49: 0.55
A50: LC 88237 EPI (ENCARGOS COMPLEMENTARES) | B50: H | C50: CR | D50: 1 | E50: 0.89 | F50: 0.89
A51: LI 4058 MECANICO DE REFRIGERAÇÃO (ADAPTADO) | B51: H | C51: C | D51: 1 | E51: 12.35 | F51: 12.35
A52: LI 37370 ALIMENTACAO (ENCARGOS COMPLEMENTARES) *COLETADO CAIXA* | B52: H | C52: C | D52: 1 | E52: 1.62 | F52: 1.62
A53: LI 37371 TRANSPORTE (ENCARGOS COMPLEMENTARES) *COLETADO CAIXA* | B53: H | C53: C | D53: 1 | E53: 0.89 | F53: 0.89
A54: LI 37372 EXAMES (ENCARGOS COMPLEMENTARES) *COLETADO CAIXA* | B54: H | C54: C | D54: 1 | E54: 0.34 | F54: 0.34
A55: XCÓDIGO |D E S C R I Ç Ã O |UNIDADE|ORIG. |COEFICIENTE|PREÇO UNIT. |CUSTO TOTAL
A56: X |PREÇO
A57: LVÍNCULO : ENCARGOS COMPLEMENTARES REFERENCIAL
A58: L
A59: LI 37373 SEGURO (ENCARGOS COMPLEMENTARES) *COLETADO CAIXA* | B59: H | C59: C | D59: 1 | E59: 0.07 | F59: 0.07
A60: MAO DE OBRA : | D60: 12.35 | E60: 73.90784 | F60: %
A61: MATERIAL: (PERCENTUAL ADOTADO PARA ENCARGOS COMPLEMENTARES) | D61: 4.36 | E61: 26.09216 | F61: %
D62: 16.71 | E62: 100 | F62: %
A64: 88241 AJUDANTE DE OPERAÇÃO EM GERAL COM ENCARGOS COMPLEMENTARES H
A65: DESCRIÇÃO | B65: UNIDADE | C65: ORIGEM DE PREÇO | D65: COEFICIENTE | E65: P. UNITÁTIO | F65: P. TOTAL
A66: LC 88236 FERRAMENTAS (ENCARGOS COMPLEMENTARES) | B66: H | C66: CR | D66: 1 | E66: 0.55 | F66: 0.55
A67: LC 88237 EPI (ENCARGOS COMPLEMENTARES) | B67: H | C67: CR | D67: 1 | E67: 0.89 | F67: 0.89
A68: LI 248 AJUDANTE DE OPERACAO EM GERAL | B68: H | C68: CR | D68: 1 | E68: 9.03 | F68: 9.03
A69: LI 37370 ALIMENTACAO (ENCARGOS COMPLEMENTARES) *COLETADO CAIXA* | B69: H | C69: C | D69: 1 | E69: 1.62 | F69: 1.62
A70: LI 37371 TRANSPORTE (ENCARGOS COMPLEMENTARES) *COLETADO CAIXA* | B70: H | C70: C | D70: 1 | E70: 0.89 | F70: 0.89
A71: LI 37372 EXAMES (ENCARGOS COMPLEMENTARES) *COLETADO CAIXA* | B71: H | C71: C | D71: 1 | E71: 0.34 | F71: 0.34
A72: LI 37373 SEGURO (ENCARGOS COMPLEMENTARES) *COLETADO CAIXA* | B72: H | C72: C | D72: 1 | E72: 0.07 | F72: 0.07
A73: MAO DE OBRA: | D73: 9.03 | E73: 67.438387 | F73: %
A74: MATERIAL: (PERCENTUAL ADOTADO PARA ENCARGOS COMPLEMENTARES) | D74: 4.36 | E74: 32.561613 | F74: %
D75: 13.39 | E75: 100
A77: L 88266 TÉCNICO EM REFRIGERAÇÃO (ADAPTADO) H
A78: DESCRIÇÃO | B78: UNIDADE | C78: ORIGEM DE PREÇO | D78: COEFICIENTE | E78: P. UNITÁTIO | F78: P. TOTAL
A79: LC 88236 FERRAMENTAS (ENCARGOS COMPLEMENTARES) | B79: H | C79: CR | D79: 1 | E79: 0.55 | F79: 0.55
A80: LC 88237 EPI (ENCARGOS COMPLEMENTARES) | B80: H | C80: CR | D80: 1 | E80: 0.89 | F80: 0.89
A81: LI 2438 ELETROTECNICO | B81: H | C81: CR | D81: 1 | E81: 19.91 | F81: 19.91
A82: LI 37370 ALIMENTACAO (ENCARGOS COMPLEMENTARES) *COLETADO CAIXA* | B82: H | C82: C | D82: 1 | E82: 1.62 | F82: 1.62
A83: LI 37371 TRANSPORTE (ENCARGOS COMPLEMENTARES) *COLETADO CAIXA* | B83: H | C83: C | D83: 1 | E83: 0.89 | F83: 0.89
A84: LI 37372 EXAMES (ENCARGOS COMPLEMENTARES) *COLETADO CAIXA* | B84: H | C84: C | D84: 1 | E84: 0.34 | F84: 0.34
A85: LI 37373 SEGURO (ENCARGOS COMPLEMENTARES) *COLETADO CAIXA* | B85: H | C85: C | D85: 1 | E85: 0.07 | F85: 0.07
A86: MAO DE OBRA: | D86: 19.91 | E86: 82.035435 | F86: %
A87: MATERIAL: (PERCENTUAL ADOTADO PARA ENCARGOS COMPLEMENTARES) | D87: 4.36 | E87: 17.964565 | F87: %
A88: TOTAL COMPOSIÇÃO : - ORIGEM DE PREÇO: CR | D88: 24.27 | E88: 100

Sheet Plan1
A2: 04.3 | B2: Técnico em Refrigeração p/ Manutenção (12 x 36 Horas - 2º Turno Noturno) | C2: 138439.27
A3: 04.1 | B3: Técnico em Refrigeração p/ Manutenção (12 x 36 Horas - 1º Turno Diurno) | C3: 110682.52
A4: 04.4 | B4: Ajudante de Manutenção (12 x 36 Horas - 2º Turno Noturno) | C4: 88127.464
A5: 04.2 | B5: Ajudante de Manutenção (12 x 36 -Horas - 1º Turno Diurno) | C5: 71935.679
A6: 02.2.1 | B6: Veículo Comercial Leve (Pick-Up) c/ Capacidade de Carga 700 kg - Motor 1.0 Flex, Pot. 72/76 CV (Incluindo Manutenção Mecânica / Operação, Exceto Combustível)(01 Unidade)(P. Unitário p / 01 Veículo) | C6: 52423.937
A7: 03.2.2 | B7: Eletricista p/ Manutenção (Mensalista - 44 Horas Semanais) | C7: 43648.563
A8: 03.2.3 | B8: Mecânico de Refrigeração p/ Manutenção (Mensalista - 44 Horas Semanais) | C8: 42780.471
A9: 03.2.1 | B9: Auxiliar Administrativo (Mensalista - 44 Horas Semanais) | C9: 41065.358
A10: 03.2.4 | B10: Ajudante de Manutenção (Mensalista - 44 Hora Semanais) | C10: 34149.222
A11: 03.1.1 | B11: Engenheiro Mecânico (05 HORAS Semanais / 20 Horas Mensais) | C11: 25069.329
A12: 06.1 | B12: Limpeza e Higienização de Dutos SOB DEMANDA | C12: 23972.146
A13: 02.2.2 | B13: Combustível / Gasolina Comum ou Equivalente (45,00 Litros / Semana / Veiculo ou 196,00 Litros / Mês / Veiculo)(P. Unitário Combustível Mensal p / 02 veículos) | C13: 21369.444
... A126: 02.1.1 | B126: Rateio Estimado Energia Elétrica Escritório Central + Frentes de Serviços (2.000 kWh / Mês)(A ser Reembolsado pela CONTRATADA) | C126: -12000
A127: 02.2
A128: 04
